 Dungeon Crawl Stone Soup version 0.29.0-4-gdea44cf6ec (webtiles) character file.

Game seed: 545910063245909136

145681 qw the Brawler (level 16, -4/152 HPs)
             Began as a Troll Cinder Acolyte on Sept 3, 2022.
             Was a High Priest of Okawaru.
             Splashed by a goliath frog's acid (12 damage)
             ... called by a spriggan druid
             ... on level 1 of the Swamp.
             The game lasted 00:16:46 (26550 turns).

qw the Brawler (Troll Cinder Acolyte)              Turns: 26550, Time: 00:16:47

Health: -4/152     AC: 24    Str: 32    XL:     16   Next: 87%
Magic:  21/22      EV:  9    Int: 10    God:    Okawaru [*****.]
Gold:   2016       SH: 24    Dex: 11    Spells: 17/17 levels left

rFire   + + +      SeeInvis .     - Unarmed
rCold   + + .      Faith    .   i - +0 tower shield {rF+}
rNeg    . . .      Spirit   .   t - +8 gold dragon scales of Omission {Harm rPois rF+ rC+}
rPois   +          Reflect  .   (helmet restricted)
rElec   .          Harm     +   b - scarf {repulsion}
rCorr   .          Rampage  .   (gloves unavailable)
Will    +....                   (boots unavailable)
Stlth   ..........              e - amulet of the acrobat
HPRegen 1.15/turn               A - ring "Ramehas" {Fly rF+ Str-3 Dex+6}
MPRegen 0.18/turn               n - ring of Voudausm {EV+4 Str+3}

@: about to teleport, heroic, corroded, flying, repel missiles
A: large, unfitting armour, claws 3, regeneration 1, shaggy fur 1, tough skin 1,
large bone plates 1, cold resistance 1, wild magic 1
a: Renounce Religion, Heroism, Finesse, Duel


You were on level 1 of the Swamp.
You worshipped Okawaru.
Okawaru was extremely pleased with you.
You visited 6 branches of the dungeon, and saw 27 of its levels.
You visited the Abyss 1 time.
You also visited: Sewer.

You collected 2803 gold pieces.
You spent 787 gold pieces at shops.


Innate Abilities, Weirdness & Mutations

You are too large for most types of armour.
You have claws for hands.
Your natural rate of healing is unusually fast.
You are covered in fur. (AC +1)
You have tough skin. (AC +1)
You are partially covered in large bone plates. (SH +4)
Your flesh is cold resistant. (rC+)
Your spells are a little harder to cast, but a little more powerful.


   Skills:
 - Level 8.0(13.0) Fighting
 - Level 8.0(13.0) Throwing
 - Level 7.3(12.3) Armour
 - Level 2.0(7.0) Dodging
 + Level 15.2(20.2) Shields
 - Level 19.0(24.0) Unarmed Combat
 - Level 1.0 Spellcasting
 - Level 2.1 Fire Magic
 - Level 10.0 Invocations


You had 17 spell levels left.
You didn't know any spells.
Your spell library contained the following spells:

 Spells                   Type           Power      Damage    Failure   Level
 Scorch                   Fire           12%        2d6       100%        2

Inventory:

Missiles
 s - 25 large rocks (quivered)
 u - 13 boomerangs
 v - 2 silver boomerangs
 y - 4 silver javelins
Armour
 a - the +5 kite shield "Vecirah" {rC++ Regen+ Dex-5}
   (You acquired it on level 1 of the Lair of Beasts)

   Dex:       It affects your dexterity (-5).
   rC:        It greatly protects you from cold.
   Regen:     It increases your rate of health regeneration.
 b - a scarf of repulsion (worn)
 c - a +1 cloak
 i - a +0 tower shield of fire resistance (worn)
 t - the +8 gold dragon scales of Omission (worn) {Harm rPois rF+ rC+}
   (You acquired it on level 2 of the Lair of Beasts)

   rF:        It protects you from fire.
   rC:        It protects you from cold.
   rPois:     It protects you from poison.
   Harm:      It increases damage dealt and taken.
 x - the +3 tower shield "Vuigoet" {-Tele rN+ Regen+}
   (Okawaru gifted it to you on level 2 of the Snake Pit)

   rN:        It protects you from negative energy.
   -Tele:     It prevents most forms of teleportation.
   Regen:     It increases your rate of health regeneration.
Jewellery
 e - an amulet of the acrobat (around neck)
 k - a ring of fire
 n - the ring of Voudausm (right claw) {EV+4 Str+3}
   (You acquired it on level 2 of the Lair of Beasts)

   [ring of evasion]

   EV:        It affects your evasion (+4).
   Str:       It affects your strength (+3).
 A - the ring "Ramehas" (left claw) {Fly rF+ Str-3 Dex+6}
   (You found it on level 2 of the Snake Pit)

   [ring of dexterity]

   Str:       It affects your strength (-3).
   Dex:       It affects your dexterity (+6).
   rF:        It protects you from fire.
   Fly:       It grants you flight.
 Y - the ring of Cheibriados's Scorn {Fly Str+8 Int-4}
   (You bought it in a shop on level 7 of the Dungeon)

   [ring of flight]

   Str:       It affects your strength (+8).
   Int:       It affects your intelligence (-4).
   Fly:       It grants you flight.
Wands
 w - a wand of digging (7)
Scrolls
 f - 6 scrolls of enchant weapon
 g - 2 scrolls of teleportation
 h - 2 scrolls of identify
 q - a scroll of brand weapon
 B - a scroll of enchant armour
Potions
 d - 7 potions of mutation
 j - 10 potions of curing
 l - 4 potions of might
 m - a potion of heal wounds
 p - 5 potions of haste
 r - 2 potions of resistance

Dungeon Overview and Level Annotations

Branches:
Dungeon (15/15)            Temple (1/1) D:4            Lair (5/5) D:9
  Swamp (1/4) Lair:2        Snake (3/4) Lair:2        Slime (0/5) Lair:4
    Orc (2/2) D:11            Elf (0/3) Orc:2        Vaults (0/5) D:14
 Depths (0/4) D:15          Sewer (visited)

Altars:
Cheibriados
Fedhas
Gozag
Hepliaklqana
Makhleb
Nemelex Xobeh
Okawaru
Qazlal
Sif Muna
Vehumet
Wu Jian
Xom
Yredelemnul
Zin
The Shining One
Jiyva

Shops:
D:7 ((=   D:8 (   D:14 :   Orc:2 (*:*

Portals:
Hell: Lair:5
Pandemonium: Orc:2

Annotations:
D:8 2 transporters, Grum; qw's ghost, novice TrCA
D:12 3 runed translucent doors, Mocet's ghost, journeyman GnVM
Orc:2 3 runed translucent doors, qw's ghost, adept TeWr; qw's ghost, journeyman TrCA


Message History

The spriggan splashes around in the water.
26544 ||| Stepping ~*~*~tactically~*~*~ (outnumbered).
The alligator attacks as you move away! You block the alligator's attack.
The alligator tail-slaps you. You block the spriggan druid's attack.
You block the alligator's attack. The alligator completely misses you.
The goliath frog hits you but does no damage.
26545 ||| Stepping ~*~*~tactically~*~*~ (outnumbered).
You block the spriggan druid's attack. The goliath frog hits you!
You are splashed with acid.
You closely miss the spriggan druid.
The spriggan druid is lightly wounded.
You block the alligator's attack. x2
An alligator comes into view. x2
The goliath frog hits you but does no damage.
26547 ||| Stepping ~*~*~tactically~*~*~ (outnumbered).
The goliath frog attacks as you move away!
You block the goliath frog's attack.
The spriggan druid hits you but does no damage.
The goliath frog closely misses you. You block the alligator's attack.
The alligator tail-slaps you!
26548 ||| Stepping ~*~*~tactically~*~*~ (outnumbered).
The alligator attacks as you move away! You block the alligator's attack.
The alligator misses you.
The spriggan druid mumbles some strange words.
The forest starts to sway and rumble!
The alligator puts on a burst of speed!
The alligator barely misses you. x2
You mangle the alligator!!
The alligator is heavily wounded.
A root smacks you from below! You block the alligator's attack.
The alligator tail-slaps you but does no damage.
You block the goliath frog's attack.
26550 ||| READING 3 scrolls of teleportation.
As you read the scroll of teleportation, it crumbles to dust.
You feel strangely unstable.
Trunks creak and shift.
A tree reaches out and hits you! You block the alligator's attack. x4
The goliath frog hits you from afar!! The acid corrodes you!
You are splashed with acid!
You die...

7.~~~7.~.(..~.~~~.~.7
7.~~7¤.~~~~....~..~~7
7..~7~.~7~~~~~~.7~.77
77.~~)..~~.~.~~~~~~.7
7..~~~¤~~.~..~....77777
77..~~~.~.~~)).~~..~..777
7.7.~~~~¤.~.t7.~~7.~=~.~~
77.~~...<.~)7~.F~~.~.~~~.
7.7~7~7~~~~~@t.~~~~.~7
77...~.~....tiiw~)~.7
7..7~.~~¤~.77i.77~>..~.
7...~~..~~~777~¤~~~~~7.
7.7..7..~>77 77~~~...$~
7.77...~..7 .~..~~~.
7.77..7~.77 7~¤.~~~.
7.77.7~~.7 .~.....
7777...7.7 ~~.7~~


You could see 3 alligators, a tyrant leech, a spriggan druid, a goliath frog
(strong) and 2 spriggans.

Vanquished Creatures
  Frances (D:12)
  3 tentacled starspawn (Abyss:2)
  A reaper (Abyss:2)
  An eleionoma (Swamp:1)
  Snorg (Orc:2)
  A fire dragon (D:15)
  A vault guard (D:14)
  2 great orbs of eyes (Abyss:2)
  2 salamander tyrants (Snake:2)
  An ice dragon (D:15)
  Erolcha (D:12)
  11 hydras
  A centaur warrior (D:14)
  6 boulder beetles
  A catoblepas (Lair:1)
  2 demonspawn (Orc:2)
  4 two-headed ogres
  4 anacondas
  An alligator (Swamp:1)
  7 naga warriors
  5 orc high priests (Orc:2)
  6 naga sharpshooters
  A spriggan berserker (Swamp:1)
  2 thrashing horrors (Abyss:2)
  3 spriggans (Swamp:1)
  5 shock serpents
  Nergalle (D:12)
  4 skeletal warriors (D:15)
  A sun demon (Lair:5)
  A wretched star (Abyss:2)
  Sonja (Orc:1)
  7 salamander mystics (Snake:2)
  A naga ritualist (Snake:3)
  A glowing orange brain (Abyss:2)
  A spriggan druid (Swamp:1)
  2 wizards
  7 mana vipers
  6 orc knights
  4 lindwurms (Lair:2)
  2 deep elf pyromancers (D:15)
  11 salamanders
  6 cyclopes
  7 orc sorcerers
  A necromancer (D:14)
  3 large abominations (Abyss:2)
  10 ugly things
  2 manticores
  A will-o-the-wisp (Swamp:1)
  A centaur zombie (Abyss:2)
  A black mamba (shapeshifter) (D:14)
  3 guardian serpents
  Maurice (D:11)
  8 elephants
  12 naga magi
  18 black mambas
  A torpor snail (Lair:5)
  3 orange demons (Lair:5)
  A kobold demonologist (D:10)
  13 cane toads
  3 smoke demons
  9 komodo dragons
  5 rime drakes (Lair:5)
  3 unseen horrors
  6 yaktaurs
  4 ice devils
  A freezing wraith (Abyss:2)
  10 trolls
  An ancient zyme (Abyss:2)
  A red devil (Lair:5)
  3 polar bears
  A queen bee (Lair:1)
  3 hornets (Swamp:1)
  A tyrant leech (Swamp:1)
  Grinder (D:5)
  5 blink frogs (Lair:5)
  10 wyverns
  3 wraiths
  65 yaks
  A ynoxinul (Abyss:2)
  14 fire elementals
  3 small abominations (Abyss:2)
  3 basilisks
  7 vampire mosquitoes
  20 humans (D:14)
  A neqoxec (Orc:2)
  A chaos spawn (Abyss:2)
  5 wargs
  6 swamp worms
  2 acid dragons
  36 nagas
  3 hell hounds (Lair:5)
  9 water moccasins
  34 orc warriors
  3 ice beasts
  4 black bears
  4 centaurs
  4 ogres
  4 boggarts (D:14)
  10 wolves
  2 kobold brigands
  2 phantoms (D:5)
  4 scorpions
  16 bullfrogs
  2 gnoll sergeants
  25 wights
  24 killer bees (Lair:1)
  A howler monkey (D:10)
  A lava snake (D:8)
  24 orc priests
  A gnoll bouda (D:5)
  9 hounds
  A jelly (D:6)
  2 iguanas (D:5)
  20 orc wizards
  19 gnolls
  4 adders
  A shadow imp (D:6)
  3 ufetubi
  A worm (D:4)
  83 orcs
  15 ball pythons
  6 bats
  14 endoplasms
  10 giant cockroaches
  6 goblins
  3 hobgoblins
  4 jackals (D:1)
  10 quokkas
  4 frilled lizards
  19 kobolds
  3 rats
  2 starspawn tentacles (Abyss:2)
866 creatures vanquished.

Vanquished Creatures (others)
  10 foxfires
  18 fungi
  15 plants
  8 starspawn tentacles (Abyss:2)
  4 withered plants (Orc:2)
55 creatures vanquished.

Grand Total: 921 creatures vanquished

Notes
Turn   | Place    | Note
-------+----------+-------------------------------------------
     0 | D:1      | qw the Troll Cinder Acolyte began the quest for the Orb.
     0 | D:1      | Reached XP level 1. HP: 22/22 MP: 1/1
     0 | D:1      | 0 ||| qw: Version: 0.1-a-102-g441f92d
     0 | D:1      | 0 ||| qw: Game counter: 5209
     0 | D:1      | 0 ||| qw: Always use a shield: true
     0 | D:1      | 0 ||| qw: God list: Okawaru
     0 | D:1      | 0 ||| qw: Allow faded altars: false
     0 | D:1      | 0 ||| qw: Do Orc after D:15 true
     0 | D:1      | 0 ||| qw: Do second Lair branch before Depths: true
     0 | D:1      | 0 ||| qw: Lair rune preference: random
     0 | D:1      | 0 ||| qw: Plans: Normal
     0 | D:1      | 0 ||| PLANNING D:1-11
   152 | D:1      | 152 ||| Stepping ~*~*~tactically~*~*~ (stealth).
   188 | D:1      | Reached XP level 2. HP: 27/29 MP: 2/2
   291 | D:1      | 291 ||| Stepping ~*~*~tactically~*~*~ (outnumbered).
   292 | D:1      | 292 ||| Stepping ~*~*~tactically~*~*~ (outnumbered).
   295 | D:1      | 295 ||| Stepping ~*~*~tactically~*~*~ (outnumbered).
   366 | D:1      | Reached skill level 4 in Unarmed Combat
   514 | D:1      | Reached XP level 3. HP: 34/36 MP: 3/3
   608 | D:1      | 608 ||| Stepping ~*~*~tactically~*~*~ (stealth).
   787 | D:1      | Found a faded altar of an unknown god.
   883 | D:1      | 883 ||| UPGRADING to +0 cloak.
   888 | D:1      | 888 ||| READING scroll labelled VOCYFYEFUU.
   889 | D:1      | 889 ||| READING scroll labelled GIRRUI YNOULEAF.
   890 | D:1      | 890 ||| READING scroll labelled LIOSEDIOW.
   891 | D:1      | 891 ||| DRINKING 2 silvery potions.
   923 | D:2      | Found an ornate altar of the Wu Jian Council.
  1147 | D:2      | 1147 ||| Stepping ~*~*~tactically~*~*~ (stealth).
  1372 | D:2      | 1372 ||| UPGRADING to +6 ring of dexterity.
  1373 | D:2      | 1373 ||| READING scroll labelled HIHOYRA IZOT.
  1374 | D:2      | 1374 ||| READING scroll labelled VAXKUZ CUOTACS.
  1475 | D:2      | 1475 ||| READING scroll labelled VYRUECO UFIO.
  1476 | D:2      | 1476 ||| READING scroll labelled FOM VOUDUI.
  1477 | D:2      | 1477 ||| DRINKING 2 fizzy ruby potions.
  1478 | D:2      | 1478 ||| DRINKING 2 sapphire potions.
  1478 | D:2      | Gained mutation: You occasionally lose the ability to read
                  | scrolls when taking damage. [potion of mutation]
  1478 | D:2      | Gained mutation: You are robust. (+10% HP) [potion of
                  | mutation]
  1478 | D:2      | Gained mutation: You are partially covered in large bone
                  | plates. (SH +4) [potion of mutation]
  1481 | D:2      | 1481 ||| DRINKING potion of mutation.
  1481 | D:2      | Lost mutation: You are robust. (+10% HP) [potion of
                  | mutation]
  1481 | D:2      | Lost mutation: You occasionally lose the ability to read
                  | scrolls when taking damage. [potion of mutation]
  1481 | D:2      | Gained mutation: Your flesh is cold resistant. (rC+)
                  | [potion of mutation]
  1481 | D:2      | Gained mutation: Your spells are a little harder to cast,
                  | but a little more powerful. [potion of mutation]
  1482 | D:2      | 1482 ||| DRINKING 2 purple potions.
  1483 | D:2      | 1483 ||| DROPPING potion of brilliance.
  1635 | D:3      | Reached XP level 4. HP: 44/44 MP: 4/4
  1770 | D:3      | Identified the +4 whip "Ulaxeipu" {elec, rCorr}
  2046 | D:3      | 2046 ||| UPGRADING to amulet of the acrobat.
  2051 | D:3      | 2051 ||| READING 3 scrolls of identify.
  2051 | D:3      | 2051 ||| IDENTIFYING white potion
  2052 | D:3      | 2052 ||| READING 2 scrolls of identify.
  2052 | D:3      | 2052 ||| IDENTIFYING fuming red potion
  2053 | D:3      | 2053 ||| DROPPING potion of degeneration.
  2064 | D:4      | 2064 ||| PLANNING SEWER
  2264 | D:4      | Reached skill level 5 in Unarmed Combat
  2308 | D:4      | Found a glowing drain.
  2309 | D:4      | 2309 ||| READING scroll labelled PILEFU SIQAI.
  2542 | Sewer    | Entered a sewer
  2593 | Sewer    | Reached skill level 1 in Dodging
  2847 | Sewer    | Noticed a bullfrog
  2847 | Sewer    | Noticed a bullfrog
  2852 | Sewer    | Killed a bullfrog
  2853 | Sewer    | Reached skill level 6 in Unarmed Combat
  2853 | Sewer    | Reached XP level 5. HP: 39/50 MP: 5/5
  2881 | Sewer    | 2881 ||| DROPPING amulet of magic regeneration.
  2882 | Sewer    | 2882 ||| READING scroll labelled TURISA AKIUBBE.
  2896 | D:4      | 2896 ||| PLANNING D:1-11
  3091 | D:4      | Found a staircase to the Ecumenical Temple.
  3103 | D:4      | Noticed a black bear
  3111 | D:4      | Killed a black bear
  3112 | D:4      | Reached skill level 7 in Unarmed Combat
  3112 | D:4      | Reached XP level 6. HP: 57/59 MP: 6/6
  3247 | D:5      | Entered Level 5 of the Dungeon
  3320 | D:5      | 3320 ||| Stepping ~*~*~tactically~*~*~ (hiding).
  3321 | D:5      | 3321 ||| Stepping ~*~*~tactically~*~*~ (hiding).
  3328 | D:5      | 3328 ||| Stepping ~*~*~tactically~*~*~ (stealth).
  3355 | D:5      | Found an opulent altar of Gozag.
  3357 | D:5      | Noticed Grinder
  3358 | D:5      | 3358 ||| Stepping ~*~*~tactically~*~*~ (stealth).
  3376 | D:5      | Reached skill level 8 in Unarmed Combat
  3376 | D:5      | Reached XP level 7. HP: 61/66 MP: 7/7
  3390 | D:5      | Killed Grinder
  3391 | D:5      | Reached skill level 3 in Fighting
  3417 | D:5      | Found a blossoming altar of Fedhas.
  3480 | D:5      | 3480 ||| Stepping ~*~*~tactically~*~*~ (hiding).
  3673 | D:5      | 3673 ||| Stepping ~*~*~tactically~*~*~ (hiding).
  3684 | D:5      | Reached skill level 9 in Unarmed Combat
  3725 | D:5      | Reached XP level 8. HP: 78/78 MP: 8/8
  3750 | D:5      | 3750 ||| Stepping ~*~*~tactically~*~*~ (outnumbered).
  3751 | D:5      | 3751 ||| Stepping ~*~*~tactically~*~*~ (hiding).
  3753 | D:5      | 3753 ||| Stepping ~*~*~tactically~*~*~ (outnumbered).
  3756 | D:5      | Reached skill level 1 in Throwing
  3756 | D:5      | 3756 ||| Stepping ~*~*~tactically~*~*~ (outnumbered).
  3761 | D:5      | 3761 ||| INVOKING Fiery Armour.
  3762 | D:5      | 3762 ||| Stepping ~*~*~tactically~*~*~ (outnumbered).
  4036 | D:5      | 4036 ||| DRINKING 2 amethyst potions.
  4071 | D:6      | 4071 ||| Stepping ~*~*~tactically~*~*~ (stealth).
  4096 | D:6      | 4096 ||| Stepping ~*~*~tactically~*~*~ (stealth).
  4106 | D:6      | 4106 ||| Stepping ~*~*~tactically~*~*~ (stealth).
  4107 | D:6      | 4107 ||| Stepping ~*~*~tactically~*~*~ (stealth).
  4306 | D:6      | Found a shimmering blue altar of Sif Muna.
  4440 | D:6      | Reached skill level 10 in Unarmed Combat
  4541 | D:6      | 4541 ||| Stepping ~*~*~tactically~*~*~ (hiding).
  4545 | D:6      | 4545 ||| Stepping ~*~*~tactically~*~*~ (outnumbered).
  4546 | D:6      | 4546 ||| Stepping ~*~*~tactically~*~*~ (outnumbered).
  4547 | D:6      | 4547 ||| Stepping ~*~*~tactically~*~*~ (outnumbered).
  5261 | D:6      | 5261 ||| UPGRADING to ring of see invisible.
  5262 | D:6      | 5262 ||| READING scroll labelled DUPEMO LYTT.
  5263 | D:6      | 5263 ||| READING 3 scrolls of identify.
  5263 | D:6      | 5263 ||| IDENTIFYING yellow potion
  5264 | D:6      | 5264 ||| READING 2 scrolls of identify.
  5264 | D:6      | 5264 ||| IDENTIFYING viscous golden potion
  5265 | D:6      | 5265 ||| DROPPING potion of lignification.
  5293 | D:7      | Found Tesap's Weapon Shop.
  5297 | D:7      | 5297 ||| STAIRDANCE
  5302 | D:6      | Reached XP level 9. HP: 84/84 MP: 9/9
  5304 | D:7      | 5304 ||| STAIRDANCE
  5317 | D:7      | Reached skill level 11 in Unarmed Combat
  5322 | D:7      | 5322 ||| Stepping ~*~*~tactically~*~*~ (stealth).
  5355 | D:7      | 5355 ||| Stepping ~*~*~tactically~*~*~ (hiding).
  5372 | D:7      | 5372 ||| Stepping ~*~*~tactically~*~*~ (stealth).
  5373 | D:7      | 5373 ||| Stepping ~*~*~tactically~*~*~ (stealth).
  5378 | D:7      | Found Dali's Weapon Shop.
  5694 | D:7      | 5694 ||| Stepping ~*~*~tactically~*~*~ (stealth).
  5696 | D:7      | 5696 ||| Stepping ~*~*~tactically~*~*~ (stealth).
  5697 | D:7      | 5697 ||| Stepping ~*~*~tactically~*~*~ (stealth).
  5698 | D:7      | 5698 ||| Stepping ~*~*~tactically~*~*~ (stealth).
  5699 | D:7      | 5699 ||| Stepping ~*~*~tactically~*~*~ (stealth).
  5704 | D:7      | 5704 ||| Stepping ~*~*~tactically~*~*~ (stealth).
  5805 | D:7      | Found Pux Pame's Jewellery Shoppe.
  5817 | D:7      | 5817 ||| FLEEEEING.
  5822 | D:7      | 5822 ||| Stepping ~*~*~tactically~*~*~ (outnumbered).
  5823 | D:7      | 5823 ||| Stepping ~*~*~tactically~*~*~ (outnumbered).
  5824 | D:7      | 5824 ||| Stepping ~*~*~tactically~*~*~ (outnumbered).
  5830 | D:7      | Reached skill level 12 in Unarmed Combat
  5866 | D:7      | 5866 ||| SHOPLISTING amulet of Vitality {RegenMP++ Regen++}
                  | (1200 gold, have 410).
  5866 | D:7      | 5866 ||| BUYING ring of Cheibriados's Scorn {Fly Str+8
                  | Int-4} (394 gold).
  5866 | D:7      | Bought the ring of Cheibriados's Scorn {Fly Str+8 Int-4}
                  | for 394 gold pieces
  5866 | D:7      | 5866 ||| SHOPLISTING ring of ice (300 gold, have 16).
  6173 | D:7      | 6173 ||| FLEEEEING.
  6175 | D:7      | 6175 ||| FLEEEEING.
  6216 | D:7      | 6216 ||| UPGRADING to ring of poison resistance.
  6218 | D:7      | 6218 ||| UPGRADING to ring of Cheibriados's Scorn {Fly
                  | Str+8 Int-4}.
  6220 | D:7      | 6220 ||| UPGRADING to ring of poison resistance.
  6222 | D:7      | 6222 ||| READING 2 scrolls of identify.
  6222 | D:7      | 6222 ||| IDENTIFYING brown potion
  6223 | D:7      | 6223 ||| DROPPING potion of attraction.
  6292 | D:8      | Found Feuch's Weapon Boutique.
  6336 | D:8      | Found a transporter.
  6339 | D:8      | Identified the +6 scale mail "Hatyner" {rPois rC+ Dex+3}
  6339 | D:8      | Identified the +1 kite shield "Zeivinid" {Will+ Str+3
                  | Dex-5}
  6367 | D:8      | Noticed qw's ghost (novice TrCA)
  6369 | D:8      | Identified the amulet "Quoxtox" {RegenMP Fly Str+7 Slay+3}
  6375 | D:8      | Found a transporter.
  6377 | D:8      | Noticed Grum
  6407 | D:8      | 6407 ||| Stepping ~*~*~tactically~*~*~ (hiding).
  6528 | D:8      | Reached skill level 13 in Unarmed Combat
  6542 | D:8      | 6542 ||| Stepping ~*~*~tactically~*~*~ (stealth).
  6543 | D:8      | 6543 ||| Stepping ~*~*~tactically~*~*~ (stealth).
  6545 | D:8      | 6545 ||| Stepping ~*~*~tactically~*~*~ (stealth).
  6548 | D:8      | 6548 ||| Stepping ~*~*~tactically~*~*~ (outnumbered).
  6549 | D:8      | 6549 ||| Stepping ~*~*~tactically~*~*~ (outnumbered).
  6554 | D:8      | 6554 ||| Stepping ~*~*~tactically~*~*~ (outnumbered).
  6555 | D:8      | 6555 ||| Stepping ~*~*~tactically~*~*~ (outnumbered).
  6650 | D:8      | 6650 ||| Stepping ~*~*~tactically~*~*~ (stealth).
  6676 | D:8      | Reached skill level 1 in Armour
  6734 | D:8      | 6734 ||| DRINKING 5 potions of curing.
  6734 | D:8      | 6734 ||| (to cure confusion)
  6900 | D:9      | 6900 ||| STAIRDANCE
  6919 | D:9      | Reached XP level 10. HP: 96/96 MP: 10/10
  6935 | D:9      | 6935 ||| FLEEEEING.
  6945 | D:9      | 6945 ||| STAIRDANCE
  6965 | D:9      | 6965 ||| Stepping ~*~*~tactically~*~*~ (stealth).
  6977 | D:9      | 6977 ||| Stepping ~*~*~tactically~*~*~ (stealth).
  7035 | D:9      | 7035 ||| Stepping ~*~*~tactically~*~*~ (hiding).
  7036 | D:9      | 7036 ||| Stepping ~*~*~tactically~*~*~ (hiding).
  7069 | D:9      | 7069 ||| Stepping ~*~*~tactically~*~*~ (stealth).
  7071 | D:9      | 7071 ||| Stepping ~*~*~tactically~*~*~ (stealth).
  7072 | D:9      | 7072 ||| Stepping ~*~*~tactically~*~*~ (stealth).
  7158 | D:9      | 7158 ||| Stepping ~*~*~tactically~*~*~ (outnumbered).
  7159 | D:9      | 7159 ||| Stepping ~*~*~tactically~*~*~ (outnumbered).
  7160 | D:9      | 7160 ||| Stepping ~*~*~tactically~*~*~ (outnumbered).
  7163 | D:9      | 7163 ||| Stepping ~*~*~tactically~*~*~ (outnumbered).
  7166 | D:9      | 7166 ||| Stepping ~*~*~tactically~*~*~ (outnumbered).
  7167 | D:9      | 7167 ||| Stepping ~*~*~tactically~*~*~ (outnumbered).
  7168 | D:9      | 7168 ||| Stepping ~*~*~tactically~*~*~ (outnumbered).
  7169 | D:9      | 7169 ||| INVOKING Fiery Armour.
  7170 | D:9      | 7170 ||| Stepping ~*~*~tactically~*~*~ (outnumbered).
  7238 | D:9      | Noticed a boulder beetle
  7254 | D:9      | Killed a boulder beetle
  7255 | D:9      | Reached skill level 14 in Unarmed Combat
  7262 | D:9      | 7262 ||| Stepping ~*~*~tactically~*~*~ (stealth).
  7264 | D:9      | 7264 ||| Stepping ~*~*~tactically~*~*~ (stealth).
  7268 | D:9      | 7268 ||| Stepping ~*~*~tactically~*~*~ (hiding).
  7415 | D:9      | Found a staircase to the Lair.
  7451 | D:9      | Noticed a two-headed ogre
  7457 | D:9      | 7457 ||| INVOKING Fiery Armour.
  7458 | D:9      | HP: 18/96 [two-headed ogre/+0 giant spiked club (11)]
  7459 | D:9      | 7459 ||| READING scroll of teleportation.
  7460 | D:9      | 7460 ||| DRINKING 2 potions of heal wounds.
  7461 | D:9      | 7461 ||| DRINKING potion of heal wounds.
  7652 | D:9      | Killed a two-headed ogre
  7653 | D:9      | Reached skill level 6 in Fighting
  7742 | D:9      | 7742 ||| INVOKING Fiery Armour.
  7746 | D:9      | 7746 ||| Stepping ~*~*~tactically~*~*~ (outnumbered).
  7747 | D:9      | 7747 ||| Stepping ~*~*~tactically~*~*~ (outnumbered).
  7748 | D:9      | 7748 ||| Stepping ~*~*~tactically~*~*~ (outnumbered).
  7749 | D:9      | 7749 ||| Stepping ~*~*~tactically~*~*~ (outnumbered).
  7750 | D:9      | 7750 ||| Stepping ~*~*~tactically~*~*~ (outnumbered).
  7751 | D:9      | 7751 ||| Stepping ~*~*~tactically~*~*~ (outnumbered).
  7755 | D:9      | 7755 ||| Stepping ~*~*~tactically~*~*~ (outnumbered).
  7757 | D:9      | 7757 ||| Stepping ~*~*~tactically~*~*~ (outnumbered).
  7758 | D:9      | 7758 ||| Stepping ~*~*~tactically~*~*~ (outnumbered).
  7759 | D:9      | 7759 ||| Stepping ~*~*~tactically~*~*~ (outnumbered).
  7760 | D:9      | 7760 ||| Stepping ~*~*~tactically~*~*~ (outnumbered).
  7762 | D:9      | 7762 ||| FLEEEEING.
  7763 | D:9      | 7763 ||| FLEEEEING.
  7768 | D:9      | 7768 ||| Stepping ~*~*~tactically~*~*~ (outnumbered).
  7769 | D:9      | 7769 ||| Stepping ~*~*~tactically~*~*~ (outnumbered).
  7935 | D:9      | 7935 ||| PLANNING LAIR
  7935 | D:9      | 7935 ||| UPGRADING to +0 acid dragon scales.
  7945 | D:9      | 7945 ||| DROPPING +0 robe.
  7946 | D:9      | 7946 ||| READING scroll labelled GOUNED DUIJ.
  7947 | D:9      | 7947 ||| READING scroll labelled APSYIM FOPAPS.
  7948 | D:9      | 7948 ||| READING 2 scrolls of identify.
  7948 | D:9      | 7948 ||| IDENTIFYING bubbling silvery potion
  7949 | D:9      | 7949 ||| DROPPING potion of magic.
  7989 | Lair:1   | Entered Level 1 of the Lair of Beasts
  8032 | Lair:1   | 8032 ||| INVOKING Fiery Armour.
  8038 | Lair:1   | Reached XP level 11. HP: 103/107 MP: 11/11
  8044 | Lair:1   | Reached skill level 15 in Unarmed Combat
  8072 | Lair:1   | Reached skill level 3 in Armour
  8135 | Lair:1   | 8135 ||| Stepping ~*~*~tactically~*~*~ (stealth).
  8136 | Lair:1   | 8136 ||| Stepping ~*~*~tactically~*~*~ (stealth).
  8182 | Lair:1   | 8182 ||| Stepping ~*~*~tactically~*~*~ (stealth).
  8184 | Lair:1   | 8184 ||| Stepping ~*~*~tactically~*~*~ (outnumbered).
  8263 | Lair:1   | Noticed a catoblepas
  8264 | Lair:1   | 8264 ||| Stepping ~*~*~tactically~*~*~ (stealth).
  8265 | Lair:1   | 8265 ||| INVOKING Fiery Armour.
  8274 | Lair:1   | 8274 ||| DRINKING 3 potions of cancellation.
  8275 | Lair:1   | 8275 ||| DRINKING 2 potions of cancellation.
  8277 | Lair:1   | Killed a catoblepas
  8278 | Lair:1   | Reached skill level 16 in Unarmed Combat
  8424 | Lair:1   | 8424 ||| Stepping ~*~*~tactically~*~*~ (stealth).
  8426 | Lair:1   | 8426 ||| Stepping ~*~*~tactically~*~*~ (stealth).
  8437 | Lair:1   | 8437 ||| Stepping ~*~*~tactically~*~*~ (stealth).
  8441 | Lair:1   | 8441 ||| Stepping ~*~*~tactically~*~*~ (outnumbered).
  8442 | Lair:1   | 8442 ||| Stepping ~*~*~tactically~*~*~ (outnumbered).
  8892 | Lair:1   | 8892 ||| READING scroll labelled ADIENW DILI.
  8892 | Lair:1   | Identified a scroll of acquirement
  8892 | Lair:1   | 8892 ||| ACQUIRING +5 kite shield "Vecirah" {rC++ Regen+
                  | Dex-5}
  8892 | Lair:1   | Acquired the +5 kite shield "Vecirah" {rC++ Regen+ Dex-5}
  9011 | Lair:2   | 9011 ||| READING 3 scrolls of acquirement.
  9011 | Lair:2   | 9011 ||| ACQUIRING +8 gold dragon scales of Omission {Harm
                  | rPois rF+ rC+}
  9011 | Lair:2   | Acquired the +8 gold dragon scales of Omission {Harm rPois
                  | rF+ rC+}
  9013 | Lair:2   | 9013 ||| UPGRADING to +8 gold dragon scales of Omission
                  | {Harm rPois rF+ rC+}.
  9023 | Lair:2   | 9023 ||| REMOVING ring of poison resistance.
  9024 | Lair:2   | 9024 ||| DROPPING +0 acid dragon scales.
  9025 | Lair:2   | 9025 ||| READING 2 scrolls of acquirement.
  9025 | Lair:2   | 9025 ||| ACQUIRING ring "Asugriete" {Ice rElec Str+3 Dex-5}
  9025 | Lair:2   | Acquired the ring "Asugriete" {Ice rElec Str+3 Dex-5}
  9027 | Lair:2   | 9027 ||| UPGRADING to +6 ring of dexterity.
  9028 | Lair:2   | 9028 ||| UPGRADING to +5 kite shield "Vecirah" {rC++ Regen+
                  | Dex-5}.
  9033 | Lair:2   | 9033 ||| READING scroll of acquirement.
  9033 | Lair:2   | 9033 ||| ACQUIRING ring of Voudausm {EV+4 Str+3}
  9033 | Lair:2   | Acquired the ring of Voudausm {EV+4 Str+3}
  9035 | Lair:2   | 9035 ||| DROPPING ring "Asugriete" {Ice rElec Str+3 Dex-5}.
  9050 | Lair:2   | 9050 ||| Stepping ~*~*~tactically~*~*~ (stealth).
  9051 | Lair:2   | Noticed a five-headed hydra
  9052 | Lair:2   | 9052 ||| Stepping ~*~*~tactically~*~*~ (hiding).
  9055 | Lair:2   | 9055 ||| INVOKING Fiery Armour.
  9057 | Lair:2   | Killed a seven-headed hydra
  9066 | Lair:2   | Reached skill level 3 in Shields
  9101 | Lair:2   | Noticed a five-headed hydra
  9102 | Lair:2   | 9102 ||| Stepping ~*~*~tactically~*~*~ (stealth).
  9105 | Lair:2   | 9105 ||| Stepping ~*~*~tactically~*~*~ (stealth).
  9106 | Lair:2   | 9106 ||| Stepping ~*~*~tactically~*~*~ (stealth).
  9110 | Lair:2   | Killed a seven-headed hydra
  9111 | Lair:2   | Reached XP level 12. HP: 108/118 MP: 12/12
  9126 | Lair:2   | Found a staircase to the Swamp.
  9225 | Lair:2   | 9225 ||| Stepping ~*~*~tactically~*~*~ (hiding).
  9249 | Lair:2   | Found a staircase to the Snake Pit.
  9416 | Lair:2   | 9416 ||| INVOKING Fiery Armour.
  9424 | Lair:2   | Reached skill level 6 in Shields
  9467 | Lair:2   | Identified the ring of Bixiet {Fire Stlth+}
  9755 | Lair:2   | 9755 ||| DROPPING ring of poison resistance.
  9756 | Lair:2   | 9756 ||| UPGRADING to ring of Voudausm {EV+4 Str+3}.
  9758 | Lair:2   | 9758 ||| DROPPING ring of see invisible.
  9824 | Lair:3   | 9824 ||| Stepping ~*~*~tactically~*~*~ (stealth).
  9826 | Lair:3   | 9826 ||| Stepping ~*~*~tactically~*~*~ (stealth).
 10188 | Lair:3   | Found a frozen archway.
 10216 | Lair:3   | Noticed a five-headed hydra
 10217 | Lair:3   | 10217 ||| INVOKING Fiery Armour.
 10222 | Lair:3   | Killed a seven-headed hydra
 10232 | Lair:3   | 10232 ||| Stepping ~*~*~tactically~*~*~ (hiding).
 10236 | Lair:3   | 10236 ||| DRINKING 2 potions of cancellation.
 10237 | Lair:3   | 10237 ||| DRINKING potion of cancellation.
 10265 | Lair:3   | 10265 ||| Stepping ~*~*~tactically~*~*~ (stealth).
 10283 | Lair:3   | Reached skill level 9 in Shields
 10323 | Lair:3   | 10323 ||| Stepping ~*~*~tactically~*~*~ (outnumbered).
 10324 | Lair:3   | 10324 ||| Stepping ~*~*~tactically~*~*~ (outnumbered).
 10327 | Lair:3   | 10327 ||| Stepping ~*~*~tactically~*~*~ (outnumbered).
 10328 | Lair:3   | 10328 ||| Stepping ~*~*~tactically~*~*~ (outnumbered).
 10329 | Lair:3   | 10329 ||| Stepping ~*~*~tactically~*~*~ (outnumbered).
 10330 | Lair:3   | 10330 ||| Stepping ~*~*~tactically~*~*~ (outnumbered).
 10430 | Lair:3   | 10430 ||| Stepping ~*~*~tactically~*~*~ (stealth).
 10434 | Lair:3   | 10434 ||| Stepping ~*~*~tactically~*~*~ (stealth).
 10435 | Lair:3   | 10435 ||| Stepping ~*~*~tactically~*~*~ (stealth).
 10436 | Lair:3   | 10436 ||| Stepping ~*~*~tactically~*~*~ (outnumbered).
 10437 | Lair:3   | 10437 ||| Stepping ~*~*~tactically~*~*~ (stealth).
 10438 | Lair:3   | 10438 ||| Stepping ~*~*~tactically~*~*~ (stealth).
 10439 | Lair:3   | 10439 ||| Stepping ~*~*~tactically~*~*~ (stealth).
 10443 | Lair:3   | 10443 ||| INVOKING Fiery Armour.
 10445 | Lair:3   | 10445 ||| Stepping ~*~*~tactically~*~*~ (outnumbered).
 10446 | Lair:3   | 10446 ||| Stepping ~*~*~tactically~*~*~ (outnumbered).
 10447 | Lair:3   | 10447 ||| Stepping ~*~*~tactically~*~*~ (outnumbered).
 10448 | Lair:3   | 10448 ||| Stepping ~*~*~tactically~*~*~ (outnumbered).
 10449 | Lair:3   | 10449 ||| Stepping ~*~*~tactically~*~*~ (outnumbered).
 10450 | Lair:3   | 10450 ||| Stepping ~*~*~tactically~*~*~ (outnumbered).
 10871 | Lair:3   | 10871 ||| DROPPING +4 ring of slaying {mikee}.
 10872 | Lair:3   | 10872 ||| READING scroll labelled NULUUCWIKA.
 11130 | Lair:4   | Found a staircase to the Slime Pits.
 11130 | Lair:4   | Found a viscous altar of Jiyva.
 11132 | Lair:4   | Noticed a five-headed hydra
 11133 | Lair:4   | 11133 ||| INVOKING Fiery Armour.
 11139 | Lair:4   | Killed a six-headed hydra
 11534 | Lair:4   | Reached XP level 13. HP: 124/124 MP: 13/13
 11537 | Lair:4   | Reached skill level 3 in Throwing
 11814 | Lair:4   | 11814 ||| DROPPING scarf of invisibility.
 11859 | Lair:5   | Entered Level 5 of the Lair of Beasts
 11931 | Lair:5   | 11931 ||| Stepping ~*~*~tactically~*~*~ (stealth).
 11952 | Lair:5   | 11952 ||| Stepping ~*~*~tactically~*~*~ (stealth).
 11964 | Lair:5   | 11964 ||| Stepping ~*~*~tactically~*~*~ (outnumbered).
 11993 | Lair:5   | 11993 ||| Stepping ~*~*~tactically~*~*~ (hiding).
 12000 | Lair:5   | 12000 ||| INVOKING Fiery Armour.
 12001 | Lair:5   | 12001 ||| Stepping ~*~*~tactically~*~*~ (outnumbered).
 12005 | Lair:5   | 12005 ||| Stepping ~*~*~tactically~*~*~ (outnumbered).
 12006 | Lair:5   | 12006 ||| Stepping ~*~*~tactically~*~*~ (outnumbered).
 12195 | Lair:5   | 12195 ||| INVOKING Fiery Armour.
 12238 | Lair:5   | 12238 ||| Stepping ~*~*~tactically~*~*~ (hiding).
 12349 | Lair:5   | Found a burning altar of Makhleb.
 12351 | Lair:5   | 12351 ||| INVOKING Fiery Armour.
 12352 | Lair:5   | 12352 ||| Stepping ~*~*~tactically~*~*~ (outnumbered).
 12353 | Lair:5   | 12353 ||| Stepping ~*~*~tactically~*~*~ (hiding).
 12356 | Lair:5   | 12356 ||| Stepping ~*~*~tactically~*~*~ (hiding).
 12357 | Lair:5   | 12357 ||| Stepping ~*~*~tactically~*~*~ (hiding).
 12358 | Lair:5   | 12358 ||| Stepping ~*~*~tactically~*~*~ (hiding).
 12364 | Lair:5   | 12364 ||| Stepping ~*~*~tactically~*~*~ (outnumbered).
 12365 | Lair:5   | 12365 ||| Stepping ~*~*~tactically~*~*~ (outnumbered).
 12372 | Lair:5   | 12372 ||| Stepping ~*~*~tactically~*~*~ (outnumbered).
 12374 | Lair:5   | Reached skill level 6 in Armour
 12375 | Lair:5   | 12375 ||| Stepping ~*~*~tactically~*~*~ (outnumbered).
 12377 | Lair:5   | 12377 ||| Stepping ~*~*~tactically~*~*~ (outnumbered).
 12381 | Lair:5   | 12381 ||| Stepping ~*~*~tactically~*~*~ (outnumbered).
 12384 | Lair:5   | 12384 ||| Stepping ~*~*~tactically~*~*~ (outnumbered).
 12408 | Lair:5   | Reached skill level 6 in Throwing
 12445 | Lair:5   | 12445 ||| Stepping ~*~*~tactically~*~*~ (hiding).
 12643 | Lair:5   | 12643 ||| Stepping ~*~*~tactically~*~*~ (stealth).
 12658 | Lair:5   | 12658 ||| Stepping ~*~*~tactically~*~*~ (hiding).
 12782 | Lair:5   | 12782 ||| Stepping ~*~*~tactically~*~*~ (stealth).
 12786 | Lair:5   | 12786 ||| Stepping ~*~*~tactically~*~*~ (stealth).
 12885 | Lair:5   | 12885 ||| Stepping ~*~*~tactically~*~*~ (stealth).
 13061 | Lair:5   | 13061 ||| Stepping ~*~*~tactically~*~*~ (stealth).
 13065 | Lair:5   | 13065 ||| Stepping ~*~*~tactically~*~*~ (outnumbered).
 13183 | Lair:5   | 13183 ||| Stepping ~*~*~tactically~*~*~ (stealth).
 13188 | Lair:5   | 13188 ||| Stepping ~*~*~tactically~*~*~ (stealth).
 13191 | Lair:5   | 13191 ||| Stepping ~*~*~tactically~*~*~ (stealth).
 13192 | Lair:5   | 13192 ||| Stepping ~*~*~tactically~*~*~ (stealth).
 13328 | Lair:5   | Found a gateway to Hell.
 13329 | Lair:5   | 13329 ||| PLANNING TEMPLE
 13329 | Lair:5   | 13329 ||| READING 2 scrolls of identify.
 13329 | Lair:5   | 13329 ||| IDENTIFYING emerald potion
 13592 | Temple   | Entered the Ecumenical Temple
 13596 | Temple   | 13596 ||| PLANNING CONVERSION TO OKAWARU
 13603 | Temple   | Fell from the grace of Ignis
 13603 | Temple   | Became a worshipper of Warmaster Okawaru
 13604 | Temple   | 13604 ||| PLANNING LAIR
 13888 | Lair:5   | 13888 ||| PLANNING D:1-11
 14054 | D:10     | Entered Level 10 of the Dungeon
 14055 | D:10     | 14055 ||| STAIRDANCE
 14272 | D:10     | 14272 ||| Stepping ~*~*~tactically~*~*~ (outnumbered).
 14273 | D:10     | 14273 ||| Stepping ~*~*~tactically~*~*~ (outnumbered).
 14275 | D:10     | 14275 ||| Stepping ~*~*~tactically~*~*~ (hiding).
 14279 | D:10     | 14279 ||| Stepping ~*~*~tactically~*~*~ (hiding).
 14283 | D:10     | 14283 ||| Stepping ~*~*~tactically~*~*~ (outnumbered).
 14513 | D:10     | 14513 ||| Stepping ~*~*~tactically~*~*~ (outnumbered).
 14515 | D:10     | 14515 ||| Stepping ~*~*~tactically~*~*~ (outnumbered).
 14518 | D:10     | 14518 ||| Stepping ~*~*~tactically~*~*~ (outnumbered).
 15091 | D:10     | 15091 ||| Stepping ~*~*~tactically~*~*~ (stealth).
 15100 | D:10     | 15100 ||| Stepping ~*~*~tactically~*~*~ (stealth).
 15109 | D:10     | 15109 ||| Stepping ~*~*~tactically~*~*~ (outnumbered).
 15110 | D:10     | 15110 ||| Stepping ~*~*~tactically~*~*~ (outnumbered).
 15111 | D:10     | 15111 ||| Stepping ~*~*~tactically~*~*~ (outnumbered).
 15118 | D:10     | Reached skill level 17 in Unarmed Combat
 15177 | D:10     | 15177 ||| DROPPING ring of positive energy.
 15178 | D:10     | 15178 ||| READING scroll labelled VOWELANOLL.
 15179 | D:10     | 15179 ||| READING 2 scrolls of identify.
 15179 | D:10     | 15179 ||| IDENTIFYING fizzy amethyst potion
 15180 | D:10     | 15180 ||| DROPPING potion of invisibility.
 15259 | D:10     | 15259 ||| Stepping ~*~*~tactically~*~*~ (outnumbered).
 15293 | D:11     | You fall into a shaft and drop 3 floors!
 15293 | D:14     | Found Catoijit's Book Boutique.
 15318 | D:14     | 15318 ||| Stepping ~*~*~tactically~*~*~ (outnumbered).
 15321 | D:14     | Reached XP level 14. HP: 133/133 MP: 14/14
 15335 | D:14     | Reached * piety under Okawaru
 15336 | D:14     | 15336 ||| INVOKING Heroism.
 15367 | D:14     | 15367 ||| INVOKING Heroism.
 15368 | D:14     | 15368 ||| Stepping ~*~*~tactically~*~*~ (outnumbered).
 15369 | D:14     | 15369 ||| Stepping ~*~*~tactically~*~*~ (outnumbered).
 15370 | D:14     | 15370 ||| Stepping ~*~*~tactically~*~*~ (outnumbered).
 15371 | D:14     | 15371 ||| Stepping ~*~*~tactically~*~*~ (outnumbered).
 15372 | D:14     | 15372 ||| Stepping ~*~*~tactically~*~*~ (outnumbered).
 15373 | D:14     | 15373 ||| Stepping ~*~*~tactically~*~*~ (outnumbered).
 15374 | D:14     | 15374 ||| Stepping ~*~*~tactically~*~*~ (outnumbered).
 15375 | D:14     | 15375 ||| Stepping ~*~*~tactically~*~*~ (outnumbered).
 15376 | D:14     | 15376 ||| Stepping ~*~*~tactically~*~*~ (outnumbered).
 15386 | D:14     | Reached skill level 1 in Invocations
 15392 | D:14     | 15392 ||| INVOKING Heroism.
 15415 | D:14     | 15415 ||| INVOKING Heroism.
 15416 | D:14     | 15416 ||| DRINKING 11 potions of curing.
 15416 | D:14     | 15416 ||| (to cure confusion)
 15419 | D:14     | 15419 ||| Stepping ~*~*~tactically~*~*~ (outnumbered).
 15420 | D:14     | 15420 ||| Stepping ~*~*~tactically~*~*~ (outnumbered).
 15421 | D:14     | 15421 ||| Stepping ~*~*~tactically~*~*~ (outnumbered).
 15422 | D:14     | 15422 ||| Stepping ~*~*~tactically~*~*~ (outnumbered).
 15423 | D:14     | 15423 ||| Stepping ~*~*~tactically~*~*~ (outnumbered).
 15427 | D:14     | 15427 ||| READING 2 scrolls of identify.
 15427 | D:14     | 15427 ||| IDENTIFYING blue potion
 15428 | D:14     | 15428 ||| DROPPING potion of berserk rage.
 15474 | D:12     | Noticed Erolcha
 15475 | D:12     | 15475 ||| INVOKING Heroism.
 15482 | D:12     | 15482 ||| Stepping ~*~*~tactically~*~*~ (outnumbered).
 15483 | Abyss:2  | Cast into level 2 of the Abyss (Erolcha)
 15547 | Abyss:2  | 15547 ||| Stepping ~*~*~tactically~*~*~ (hiding).
 15549 | Abyss:2  | 15549 ||| Stepping ~*~*~tactically~*~*~ (hiding).
 15558 | Abyss:2  | 15558 ||| Stepping ~*~*~tactically~*~*~ (stealth).
 15574 | Abyss:2  | Reached ** piety under Okawaru
 15575 | Abyss:2  | Reached skill level 3 in Invocations
 15617 | Abyss:2  | Noticed a tentacled starspawn
 15620 | Abyss:2  | 15620 ||| INVOKING Heroism.
 15621 | Abyss:2  | 15621 ||| Stepping ~*~*~tactically~*~*~ (outnumbered).
 15622 | Abyss:2  | 15622 ||| Stepping ~*~*~tactically~*~*~ (outnumbered).
 15623 | Abyss:2  | 15623 ||| Stepping ~*~*~tactically~*~*~ (outnumbered).
 15624 | Abyss:2  | 15624 ||| Stepping ~*~*~tactically~*~*~ (outnumbered).
 15630 | Abyss:2  | Killed a tentacled starspawn
 15639 | Abyss:2  | Noticed a reaper
 15647 | Abyss:2  | 15647 ||| INVOKING Heroism.
 15649 | Abyss:2  | Killed a reaper
 15710 | Abyss:2  | 15710 ||| Stepping ~*~*~tactically~*~*~ (stealth).
 15727 | Abyss:2  | 15727 ||| Stepping ~*~*~tactically~*~*~ (hiding).
 15750 | Abyss:2  | 15750 ||| Stepping ~*~*~tactically~*~*~ (hiding).
 15751 | Abyss:2  | 15751 ||| Stepping ~*~*~tactically~*~*~ (hiding).
 15753 | Abyss:2  | 15753 ||| Stepping ~*~*~tactically~*~*~ (hiding).
 15773 | Abyss:2  | 15773 ||| Stepping ~*~*~tactically~*~*~ (stealth).
 15781 | Abyss:2  | Noticed a starcursed mass
 15782 | Abyss:2  | 15782 ||| Stepping ~*~*~tactically~*~*~ (stealth).
 15783 | Abyss:2  | 15783 ||| Stepping ~*~*~tactically~*~*~ (stealth).
 15790 | Abyss:2  | Noticed a tentacled starspawn
 15791 | Abyss:2  | 15791 ||| Stepping ~*~*~tactically~*~*~ (hiding).
 15796 | Abyss:2  | Killed a tentacled starspawn
 15796 | Abyss:2  | Reached *** piety under Okawaru
 15826 | Abyss:2  | Paralysed by a great orb of eyes for 4 turns
 15831 | Abyss:2  | 15831 ||| INVOKING Heroism.
 15873 | Abyss:2  | 15873 ||| Stepping ~*~*~tactically~*~*~ (hiding).
 15874 | Abyss:2  | 15874 ||| Stepping ~*~*~tactically~*~*~ (hiding).
 15875 | Abyss:2  | 15875 ||| Stepping ~*~*~tactically~*~*~ (stealth).
 15876 | Abyss:2  | 15876 ||| INVOKING Heroism.
 15881 | Abyss:2  | 15881 ||| Stepping ~*~*~tactically~*~*~ (outnumbered).
 15881 | Abyss:2  | Noticed a tentacled starspawn
 15889 | Abyss:2  | 15889 ||| Stepping ~*~*~tactically~*~*~ (outnumbered).
 15889 | Abyss:2  | HP: 20/133 [tentacled starspawn (31)]
 15889 | Abyss:2  | Noticed a tentacled starspawn
 15890 | Abyss:2  | 15890 ||| READING 2 scrolls of teleportation.
 15891 | Abyss:2  | 15891 ||| DRINKING 6 potions of heal wounds.
 15893 | Abyss:2  | 15893 ||| Stepping ~*~*~tactically~*~*~ (outnumbered).
 15894 | Abyss:2  | 15894 ||| DRINKING 5 potions of heal wounds.
 15895 | Abyss:2  | HP: 28/133 [will-o-the-wisp/foxfire (22)]
 15896 | Abyss:2  | 15896 ||| DRINKING 4 potions of heal wounds.
 15897 | Abyss:2  | Killed a tentacled starspawn
 15898 | Abyss:2  | 15898 ||| INVOKING Heroism.
 15982 | Abyss:2  | 15982 ||| Stepping ~*~*~tactically~*~*~ (hiding).
 15990 | Abyss:2  | 15990 ||| INVOKING Heroism.
 15991 | Abyss:2  | 15991 ||| Stepping ~*~*~tactically~*~*~ (outnumbered).
 15993 | Abyss:2  | 15993 ||| Stepping ~*~*~tactically~*~*~ (outnumbered).
 15997 | Abyss:2  | 15997 ||| Stepping ~*~*~tactically~*~*~ (outnumbered).
 15998 | Abyss:2  | 15998 ||| Stepping ~*~*~tactically~*~*~ (outnumbered).
 16006 | Abyss:2  | 16006 ||| Stepping ~*~*~tactically~*~*~ (outnumbered).
 16007 | Abyss:2  | 16007 ||| Stepping ~*~*~tactically~*~*~ (outnumbered).
 16008 | Abyss:2  | 16008 ||| Stepping ~*~*~tactically~*~*~ (outnumbered).
 16009 | Abyss:2  | 16009 ||| Stepping ~*~*~tactically~*~*~ (outnumbered).
 16010 | Abyss:2  | 16010 ||| Stepping ~*~*~tactically~*~*~ (outnumbered).
 16011 | Abyss:2  | 16011 ||| Stepping ~*~*~tactically~*~*~ (outnumbered).
 16012 | Abyss:2  | 16012 ||| Stepping ~*~*~tactically~*~*~ (outnumbered).
 16013 | Abyss:2  | 16013 ||| Stepping ~*~*~tactically~*~*~ (outnumbered).
 16016 | Abyss:2  | 16016 ||| Stepping ~*~*~tactically~*~*~ (outnumbered).
 16017 | Abyss:2  | 16017 ||| Stepping ~*~*~tactically~*~*~ (outnumbered).
 16018 | Abyss:2  | 16018 ||| Stepping ~*~*~tactically~*~*~ (outnumbered).
 16019 | Abyss:2  | 16019 ||| INVOKING Heroism.
 16020 | Abyss:2  | 16020 ||| Stepping ~*~*~tactically~*~*~ (outnumbered).
 16021 | Abyss:2  | 16021 ||| Stepping ~*~*~tactically~*~*~ (outnumbered).
 16022 | Abyss:2  | 16022 ||| Stepping ~*~*~tactically~*~*~ (outnumbered).
 16067 | Abyss:2  | 16067 ||| Stepping ~*~*~tactically~*~*~ (hiding).
 16074 | Abyss:2  | Reached skill level 18 in Unarmed Combat
 16118 | D:12     | Escaped the Abyss
 16119 | D:12     | 16119 ||| INVOKING Heroism.
 16122 | D:12     | You fall into a shaft and drop 1 floor!
 16142 | D:12     | 16142 ||| Stepping ~*~*~tactically~*~*~ (hiding).
 16147 | D:12     | 16147 ||| INVOKING Heroism.
 16149 | D:12     | Noticed Frances
 16153 | D:12     | 16153 ||| Stepping ~*~*~tactically~*~*~ (hiding).
 16156 | D:12     | 16156 ||| Stepping ~*~*~tactically~*~*~ (hiding).
 16158 | D:12     | 16158 ||| Stepping ~*~*~tactically~*~*~ (hiding).
 16165 | D:12     | Killed Erolcha
 16166 | D:12     | 16166 ||| INVOKING Heroism.
 16175 | D:12     | Killed Frances
 16175 | D:12     | Reached **** piety under Okawaru
 16200 | D:12     | 16200 ||| Stepping ~*~*~tactically~*~*~ (stealth).
 16253 | D:11     | Received a gift from Okawaru
 16297 | D:11     | 16297 ||| INVOKING Heroism.
 16346 | D:11     | 16346 ||| INVOKING Heroism.
 16351 | D:11     | 16351 ||| Stepping ~*~*~tactically~*~*~ (stealth).
 16371 | D:11     | 16371 ||| Stepping ~*~*~tactically~*~*~ (stealth).
 16391 | D:11     | 16391 ||| Stepping ~*~*~tactically~*~*~ (stealth).
 16401 | D:11     | 16401 ||| Stepping ~*~*~tactically~*~*~ (stealth).
 16416 | D:11     | 16416 ||| INVOKING Heroism.
 16421 | D:11     | 16421 ||| Stepping ~*~*~tactically~*~*~ (outnumbered).
 16424 | D:11     | 16424 ||| Stepping ~*~*~tactically~*~*~ (outnumbered).
 16425 | D:11     | 16425 ||| Stepping ~*~*~tactically~*~*~ (outnumbered).
 16426 | D:11     | 16426 ||| Stepping ~*~*~tactically~*~*~ (outnumbered).
 16427 | D:11     | 16427 ||| Stepping ~*~*~tactically~*~*~ (outnumbered).
 16428 | D:11     | 16428 ||| Stepping ~*~*~tactically~*~*~ (outnumbered).
 16429 | D:11     | 16429 ||| Stepping ~*~*~tactically~*~*~ (outnumbered).
 16430 | D:11     | 16430 ||| Stepping ~*~*~tactically~*~*~ (outnumbered).
 16431 | D:11     | 16431 ||| INVOKING Heroism.
 16432 | D:11     | 16432 ||| Stepping ~*~*~tactically~*~*~ (outnumbered).
 16434 | D:11     | 16434 ||| Stepping ~*~*~tactically~*~*~ (outnumbered).
 16434 | D:11     | Found a staircase to the Orcish Mines.
 16435 | D:11     | 16435 ||| Stepping ~*~*~tactically~*~*~ (outnumbered).
 16436 | D:11     | 16436 ||| Stepping ~*~*~tactically~*~*~ (outnumbered).
 16437 | D:11     | 16437 ||| Stepping ~*~*~tactically~*~*~ (outnumbered).
 16438 | D:11     | 16438 ||| Stepping ~*~*~tactically~*~*~ (outnumbered).
 16439 | D:11     | 16439 ||| Stepping ~*~*~tactically~*~*~ (outnumbered).
 16440 | D:11     | 16440 ||| Stepping ~*~*~tactically~*~*~ (outnumbered).
 16441 | D:11     | 16441 ||| Stepping ~*~*~tactically~*~*~ (outnumbered).
 16442 | D:11     | 16442 ||| Stepping ~*~*~tactically~*~*~ (outnumbered).
 16443 | D:11     | 16443 ||| Stepping ~*~*~tactically~*~*~ (outnumbered).
 16444 | D:11     | 16444 ||| Stepping ~*~*~tactically~*~*~ (hiding).
 16448 | D:11     | 16448 ||| Stepping ~*~*~tactically~*~*~ (hiding).
 16449 | D:11     | 16449 ||| Stepping ~*~*~tactically~*~*~ (outnumbered).
 16450 | D:11     | 16450 ||| Stepping ~*~*~tactically~*~*~ (outnumbered).
 16451 | D:11     | 16451 ||| Stepping ~*~*~tactically~*~*~ (outnumbered).
 16452 | D:11     | 16452 ||| DRINKING 10 potions of curing.
 16452 | D:11     | 16452 ||| (to cure confusion)
 16453 | D:11     | 16453 ||| Stepping ~*~*~tactically~*~*~ (outnumbered).
 16454 | D:11     | 16454 ||| Stepping ~*~*~tactically~*~*~ (outnumbered).
 16455 | D:11     | 16455 ||| Stepping ~*~*~tactically~*~*~ (outnumbered).
 16456 | D:11     | 16456 ||| Stepping ~*~*~tactically~*~*~ (outnumbered).
 16457 | D:11     | 16457 ||| Stepping ~*~*~tactically~*~*~ (outnumbered).
 16460 | D:11     | 16460 ||| INVOKING Heroism.
 16461 | D:11     | 16461 ||| Stepping ~*~*~tactically~*~*~ (outnumbered).
 16462 | D:11     | 16462 ||| Stepping ~*~*~tactically~*~*~ (outnumbered).
 16543 | D:11     | 16543 ||| Stepping ~*~*~tactically~*~*~ (stealth).
 16547 | D:11     | Noticed Maurice
 16553 | D:11     | 16553 ||| Stepping ~*~*~tactically~*~*~ (hiding).
 16560 | D:11     | Killed Maurice
 16689 | D:11     | 16689 ||| Stepping ~*~*~tactically~*~*~ (stealth).
 16693 | D:11     | 16693 ||| Stepping ~*~*~tactically~*~*~ (stealth).
 16879 | D:11     | 16879 ||| Stepping ~*~*~tactically~*~*~ (stealth).
 16883 | D:11     | 16883 ||| INVOKING Heroism.
 16884 | D:11     | 16884 ||| Stepping ~*~*~tactically~*~*~ (outnumbered).
 16885 | D:11     | 16885 ||| Stepping ~*~*~tactically~*~*~ (outnumbered).
 16886 | D:11     | 16886 ||| Stepping ~*~*~tactically~*~*~ (outnumbered).
 16887 | D:11     | 16887 ||| Stepping ~*~*~tactically~*~*~ (stealth).
 16893 | D:11     | 16893 ||| Stepping ~*~*~tactically~*~*~ (stealth).
 16898 | D:11     | 16898 ||| Stepping ~*~*~tactically~*~*~ (outnumbered).
 16899 | D:11     | 16899 ||| Stepping ~*~*~tactically~*~*~ (outnumbered).
 16900 | D:11     | 16900 ||| Stepping ~*~*~tactically~*~*~ (outnumbered).
 16901 | D:11     | 16901 ||| Stepping ~*~*~tactically~*~*~ (outnumbered).
 16902 | D:11     | 16902 ||| Stepping ~*~*~tactically~*~*~ (outnumbered).
 16903 | D:11     | 16903 ||| Stepping ~*~*~tactically~*~*~ (outnumbered).
 16904 | D:11     | 16904 ||| Stepping ~*~*~tactically~*~*~ (outnumbered).
 16909 | D:11     | 16909 ||| Stepping ~*~*~tactically~*~*~ (outnumbered).
 16910 | D:11     | 16910 ||| Stepping ~*~*~tactically~*~*~ (outnumbered).
 16911 | D:11     | 16911 ||| Stepping ~*~*~tactically~*~*~ (outnumbered).
 16912 | D:11     | 16912 ||| Stepping ~*~*~tactically~*~*~ (outnumbered).
 16933 | D:11     | 16933 ||| Stepping randomly (disturbance).
 16937 | D:11     | 16937 ||| Stepping ~*~*~tactically~*~*~ (hiding).
 17178 | D:11     | 17178 ||| PLANNING D
 17219 | D:12     | 17219 ||| INVOKING Heroism.
 17263 | D:12     | 17263 ||| READING scroll of enchant armour.
 17263 | D:12     | 17263 ||| ENCHANTING +0 cloak.
 17295 | D:12     | Noticed Nergalle
 17296 | D:12     | 17296 ||| Stepping ~*~*~tactically~*~*~ (hiding).
 17298 | D:12     | 17298 ||| Stepping ~*~*~tactically~*~*~ (hiding).
 17299 | D:12     | 17299 ||| Stepping ~*~*~tactically~*~*~ (hiding).
 17304 | D:12     | Killed Nergalle
 17425 | D:12     | 17425 ||| Stepping ~*~*~tactically~*~*~ (hiding).
 17427 | D:12     | 17427 ||| Stepping ~*~*~tactically~*~*~ (hiding).
 17489 | D:12     | Found a runed translucent gate.
 17491 | D:12     | Found a runed translucent gate.
 17492 | D:12     | Found a runed translucent gate.
 17494 | D:12     | Found the +8 lance "Wyrmbane" {slay drac, rPois rF+ rC+
                  | AC+3}
 17495 | D:12     | Noticed Mocet's ghost (journeyman GnVM)
 17796 | D:12     | 17796 ||| DROPPING scarf of harm.
 17797 | D:12     | 17797 ||| READING 2 scrolls of identify.
 17797 | D:12     | 17797 ||| IDENTIFYING green potion
 17798 | D:12     | 17798 ||| DROPPING potion of flight.
 17892 | D:13     | 17892 ||| Stepping ~*~*~tactically~*~*~ (hiding).
 17935 | D:13     | Identified the +6 whip of Huromn {freeze, Dex+5}
 17948 | D:13     | 17948 ||| INVOKING Heroism.
 17954 | D:13     | Received a gift from Okawaru
 17992 | D:13     | Was forgiven by Ignis
 18038 | D:13     | 18038 ||| INVOKING Heroism.
 18042 | D:13     | Reached skill level 6 in Invocations
 18060 | D:13     | You fall into a shaft and drop 2 floors!
 18060 | D:15     | Entered Level 15 of the Dungeon
 18062 | D:15     | 18062 ||| INVOKING Heroism.
 18066 | D:15     | 18066 ||| Stepping ~*~*~tactically~*~*~ (hiding).
 18067 | D:15     | 18067 ||| Stepping ~*~*~tactically~*~*~ (hiding).
 18071 | D:15     | Reached XP level 15. HP: 143/143 MP: 16/18
 18072 | D:15     | 18072 ||| Stepping ~*~*~tactically~*~*~ (hiding).
 18074 | D:15     | 18074 ||| Stepping ~*~*~tactically~*~*~ (outnumbered).
 18075 | D:15     | 18075 ||| Stepping ~*~*~tactically~*~*~ (hiding).
 18176 | D:14     | 18176 ||| READING scroll labelled HIAT IVOMOM.
 18259 | D:13     | 18259 ||| Stepping ~*~*~tactically~*~*~ (stealth).
 18289 | D:13     | 18289 ||| INVOKING Heroism.
 18594 | D:13     | 18594 ||| UPGRADING to scarf of repulsion.
 18777 | D:14     | 18777 ||| INVOKING Heroism.
 18886 | D:14     | 18886 ||| DROPPING +6 ring of intelligence.
 18887 | D:14     | 18887 ||| DROPPING +6 ring of strength.
 18888 | D:14     | 18888 ||| READING 2 scrolls labelled JISYUZ HOTZE.
 18890 | D:14     | 18890 ||| INVOKING Heroism.
 18963 | D:14     | Reached ***** piety under Okawaru
 19254 | D:14     | 19254 ||| INVOKING Heroism.
 19255 | D:14     | 19255 ||| Stepping ~*~*~tactically~*~*~ (outnumbered).
 19256 | D:14     | 19256 ||| Stepping ~*~*~tactically~*~*~ (outnumbered).
 19257 | D:14     | 19257 ||| Stepping ~*~*~tactically~*~*~ (outnumbered).
 19258 | D:14     | 19258 ||| Stepping ~*~*~tactically~*~*~ (outnumbered).
 19271 | D:14     | Reached skill level 12 in Shields
 19287 | D:14     | 19287 ||| INVOKING Heroism.
 19288 | D:14     | 19288 ||| Stepping ~*~*~tactically~*~*~ (outnumbered).
 19289 | D:14     | 19289 ||| Stepping ~*~*~tactically~*~*~ (outnumbered).
 19290 | D:14     | 19290 ||| Stepping ~*~*~tactically~*~*~ (outnumbered).
 19291 | D:14     | 19291 ||| Stepping ~*~*~tactically~*~*~ (outnumbered).
 19302 | D:14     | 19302 ||| Stepping ~*~*~tactically~*~*~ (outnumbered).
 19303 | D:14     | 19303 ||| Stepping ~*~*~tactically~*~*~ (outnumbered).
 19314 | D:14     | Found a gate to the Vaults.
 19315 | D:14     | 19315 ||| Stepping ~*~*~tactically~*~*~ (hiding).
 19366 | D:14     | 19366 ||| Stepping ~*~*~tactically~*~*~ (stealth).
 19370 | D:14     | 19370 ||| Stepping ~*~*~tactically~*~*~ (stealth).
 19374 | D:14     | 19374 ||| Stepping ~*~*~tactically~*~*~ (stealth).
 19376 | D:14     | 19376 ||| Stepping ~*~*~tactically~*~*~ (stealth).
 19380 | D:14     | Received a gift from Okawaru
 19600 | D:14     | 19600 ||| DROPPING scroll of torment.
 19791 | D:15     | 19791 ||| Stepping ~*~*~tactically~*~*~ (hiding).
 19796 | D:15     | 19796 ||| Stepping ~*~*~tactically~*~*~ (outnumbered).
 19806 | D:15     | 19806 ||| INVOKING Heroism.
 19814 | D:15     | 19814 ||| Stepping ~*~*~tactically~*~*~ (outnumbered).
 19875 | D:15     | 19875 ||| Stepping ~*~*~tactically~*~*~ (stealth).
 19876 | D:15     | 19876 ||| Stepping ~*~*~tactically~*~*~ (stealth).
 19879 | D:15     | 19879 ||| Stepping ~*~*~tactically~*~*~ (hiding).
 19909 | D:15     | 19909 ||| Stepping ~*~*~tactically~*~*~ (stealth).
 19928 | D:15     | Received a gift from Okawaru
 19929 | D:15     | 19929 ||| Stepping ~*~*~tactically~*~*~ (stealth).
 19932 | D:15     | 19932 ||| Stepping ~*~*~tactically~*~*~ (outnumbered).
 19933 | D:15     | 19933 ||| Stepping ~*~*~tactically~*~*~ (outnumbered).
 19949 | D:15     | 19949 ||| Stepping ~*~*~tactically~*~*~ (hiding).
 20125 | D:15     | 20125 ||| Stepping ~*~*~tactically~*~*~ (hiding).
 20129 | D:15     | 20129 ||| INVOKING Heroism.
 20145 | D:15     | Found a staircase to the Depths.
 20248 | D:15     | Found an opulent altar of Gozag.
 20443 | D:15     | 20443 ||| PLANNING ORC
 20564 | Orc:1    | Entered Level 1 of the Orcish Mines
 20566 | Orc:1    | 20566 ||| Stepping ~*~*~tactically~*~*~ (stealth).
 20573 | Orc:1    | 20573 ||| Stepping ~*~*~tactically~*~*~ (stealth).
 20578 | Orc:1    | 20578 ||| Stepping ~*~*~tactically~*~*~ (hiding).
 20746 | Orc:1    | 20746 ||| Stepping ~*~*~tactically~*~*~ (hiding).
 20754 | Orc:1    | 20754 ||| INVOKING Heroism.
 20756 | Orc:1    | 20756 ||| Stepping ~*~*~tactically~*~*~ (hiding).
 20766 | Orc:1    | 20766 ||| Stepping ~*~*~tactically~*~*~ (outnumbered).
 20770 | Orc:1    | Received a gift from Okawaru
 20799 | Orc:1    | 20799 ||| Stepping ~*~*~tactically~*~*~ (stealth).
 20804 | Orc:1    | 20804 ||| INVOKING Heroism.
 20804 | Orc:1    | Noticed Sonja
 20805 | Orc:1    | 20805 ||| INVOKING Finesse.
 20815 | Orc:1    | 20815 ||| Stepping ~*~*~tactically~*~*~ (hiding).
 20820 | Orc:1    | Killed Sonja
 20878 | Orc:1    | 20878 ||| Stepping ~*~*~tactically~*~*~ (hiding).
 20879 | Orc:1    | 20879 ||| Stepping ~*~*~tactically~*~*~ (hiding).
 20880 | Orc:1    | 20880 ||| Stepping ~*~*~tactically~*~*~ (hiding).
 20881 | Orc:1    | 20881 ||| Stepping ~*~*~tactically~*~*~ (hiding).
 20887 | Orc:1    | 20887 ||| Stepping ~*~*~tactically~*~*~ (stealth).
 20891 | Orc:1    | 20891 ||| Stepping ~*~*~tactically~*~*~ (outnumbered).
 20892 | Orc:1    | 20892 ||| Stepping ~*~*~tactically~*~*~ (outnumbered).
 20893 | Orc:1    | 20893 ||| Stepping ~*~*~tactically~*~*~ (outnumbered).
 20897 | Orc:1    | 20897 ||| Stepping ~*~*~tactically~*~*~ (outnumbered).
 20901 | Orc:1    | 20901 ||| Stepping ~*~*~tactically~*~*~ (stealth).
 21057 | Orc:1    | 21057 ||| Stepping ~*~*~tactically~*~*~ (stealth).
 21071 | Orc:1    | 21071 ||| Stepping ~*~*~tactically~*~*~ (stealth).
 21072 | Orc:1    | 21072 ||| Stepping ~*~*~tactically~*~*~ (stealth).
 21073 | Orc:1    | 21073 ||| Stepping ~*~*~tactically~*~*~ (stealth).
 21081 | Orc:1    | 21081 ||| Stepping ~*~*~tactically~*~*~ (outnumbered).
 21393 | Orc:2    | Entered Level 2 of the Orcish Mines
 21395 | Orc:2    | 21395 ||| Stepping ~*~*~tactically~*~*~ (hiding).
 21396 | Orc:2    | 21396 ||| Stepping ~*~*~tactically~*~*~ (hiding).
 21399 | Orc:2    | 21399 ||| INVOKING Heroism.
 21452 | Orc:2    | Found a runed translucent gate.
 21452 | Orc:2    | Found a runed translucent gate.
 21452 | Orc:2    | Found a runed translucent gate.
 21453 | Orc:2    | Noticed qw's ghost (journeyman TrCA)
 21453 | Orc:2    | Noticed qw's ghost (journeyman TrCA)
 21454 | Orc:2    | Noticed qw's ghost (adept TeWr)
 21549 | Orc:2    | 21549 ||| Stepping ~*~*~tactically~*~*~ (hiding).
 21553 | Orc:2    | 21553 ||| INVOKING Heroism.
 21558 | Orc:2    | 21558 ||| Stepping ~*~*~tactically~*~*~ (outnumbered).
 21560 | Orc:2    | 21560 ||| Stepping ~*~*~tactically~*~*~ (outnumbered).
 21561 | Orc:2    | 21561 ||| Stepping ~*~*~tactically~*~*~ (outnumbered).
 21562 | Orc:2    | 21562 ||| Stepping ~*~*~tactically~*~*~ (outnumbered).
 21641 | Orc:2    | Noticed Snorg
 21642 | Orc:2    | 21642 ||| INVOKING Finesse.
 21649 | Orc:2    | Killed Snorg
 21755 | Orc:2    | 21755 ||| INVOKING Heroism.
 21839 | Orc:2    | Found a staircase to the Elven Halls.
 21977 | Orc:2    | 21977 ||| INVOKING Heroism.
 21990 | Orc:2    | Found Gistreet's General Store.
 21998 | Orc:2    | 21998 ||| Stepping ~*~*~tactically~*~*~ (outnumbered).
 22001 | Orc:2    | Found Xasaiw's General Store.
 22008 | Orc:2    | 22008 ||| Stepping ~*~*~tactically~*~*~ (outnumbered).
 22012 | Orc:2    | 22012 ||| Stepping ~*~*~tactically~*~*~ (outnumbered).
 22015 | Orc:2    | 22015 ||| Stepping ~*~*~tactically~*~*~ (outnumbered).
 22017 | Orc:2    | 22017 ||| Stepping ~*~*~tactically~*~*~ (outnumbered).
 22020 | Orc:2    | 22020 ||| Stepping ~*~*~tactically~*~*~ (outnumbered).
 22022 | Orc:2    | 22022 ||| Stepping ~*~*~tactically~*~*~ (outnumbered).
 22023 | Orc:2    | 22023 ||| INVOKING Heroism.
 22024 | Orc:2    | 22024 ||| Stepping ~*~*~tactically~*~*~ (outnumbered).
 22025 | Orc:2    | 22025 ||| Stepping ~*~*~tactically~*~*~ (outnumbered).
 22026 | Orc:2    | 22026 ||| Stepping ~*~*~tactically~*~*~ (outnumbered).
 22027 | Orc:2    | 22027 ||| Stepping ~*~*~tactically~*~*~ (outnumbered).
 22028 | Orc:2    | 22028 ||| Stepping ~*~*~tactically~*~*~ (outnumbered).
 22029 | Orc:2    | 22029 ||| Stepping ~*~*~tactically~*~*~ (outnumbered).
 22030 | Orc:2    | 22030 ||| Stepping ~*~*~tactically~*~*~ (outnumbered).
 22031 | Orc:2    | 22031 ||| Stepping ~*~*~tactically~*~*~ (outnumbered).
 22060 | Orc:2    | 22060 ||| Stepping ~*~*~tactically~*~*~ (hiding).
 22088 | Orc:2    | 22088 ||| BUYING potion of mutation (112 gold).
 22088 | Orc:2    | Bought a potion of mutation for 112 gold pieces
 22088 | Orc:2    | 22088 ||| BUYING scroll of enchant weapon (105 gold).
 22088 | Orc:2    | Bought a scroll of enchant weapon for 105 gold pieces
 22088 | Orc:2    | 22088 ||| BUYING wand of digging (3) (176 gold).
 22088 | Orc:2    | Bought a wand of digging (3) for 176 gold pieces
 22164 | Orc:2    | 22164 ||| Stepping ~*~*~tactically~*~*~ (hiding).
 22176 | Orc:2    | 22176 ||| Stepping ~*~*~tactically~*~*~ (hiding).
 22181 | Orc:2    | 22181 ||| INVOKING Heroism.
 22197 | Orc:2    | 22197 ||| Stepping ~*~*~tactically~*~*~ (hiding).
 22207 | Orc:2    | 22207 ||| Stepping ~*~*~tactically~*~*~ (hiding).
 22219 | Orc:2    | 22219 ||| Stepping ~*~*~tactically~*~*~ (stealth).
 22221 | Orc:2    | 22221 ||| Stepping ~*~*~tactically~*~*~ (stealth).
 22223 | Orc:2    | 22223 ||| Stepping ~*~*~tactically~*~*~ (hiding).
 22227 | Orc:2    | Reached skill level 9 in Invocations
 22228 | Orc:2    | 22228 ||| Stepping ~*~*~tactically~*~*~ (hiding).
 22232 | Orc:2    | 22232 ||| INVOKING Heroism.
 22248 | Orc:2    | 22248 ||| Stepping ~*~*~tactically~*~*~ (hiding).
 22267 | Orc:2    | 22267 ||| Stepping ~*~*~tactically~*~*~ (hiding).
 22270 | Orc:2    | 22270 ||| INVOKING Heroism.
 22300 | Orc:2    | 22300 ||| Stepping ~*~*~tactically~*~*~ (hiding).
 22301 | Orc:2    | 22301 ||| Stepping ~*~*~tactically~*~*~ (hiding).
 22305 | Orc:2    | 22305 ||| Stepping ~*~*~tactically~*~*~ (outnumbered).
 22307 | Orc:2    | 22307 ||| Stepping ~*~*~tactically~*~*~ (outnumbered).
 22315 | Orc:2    | 22315 ||| INVOKING Heroism.
 22332 | Orc:2    | 22332 ||| Stepping ~*~*~tactically~*~*~ (outnumbered).
 22385 | Orc:2    | Found Qiywk's Book Boutique.
 22385 | Orc:2    | Found Fupan's Antique Weapon Shop.
 22386 | Orc:2    | Found a one-way gate leading to the halls of Pandemonium.
 22702 | Orc:2    | 22702 ||| READING 2 scrolls of teleportation.
 22703 | Orc:2    | 22703 ||| PLANNING SNAKE:1-3
 22891 | Snake:1  | Entered Level 1 of the Snake Pit
 22892 | Snake:1  | 22892 ||| Stepping ~*~*~tactically~*~*~ (hiding).
 22910 | Snake:1  | Identified the +2 robe of Okawaru's Envy {rCorr Int+4}
                  | (Okawaru gifted it to you on level 1 of the Snake Pit)
 22910 | Snake:1  | Received a gift from Okawaru
 22920 | Snake:1  | 22920 ||| Stepping ~*~*~tactically~*~*~ (stealth).
 22933 | Snake:1  | 22933 ||| INVOKING Heroism.
 22939 | Snake:1  | 22939 ||| Stepping ~*~*~tactically~*~*~ (hiding).
 22945 | Snake:1  | 22945 ||| Stepping ~*~*~tactically~*~*~ (hiding).
 23142 | Snake:1  | Reached XP level 16. HP: 152/152 MP: 22/22
 23325 | Snake:1  | Reached skill level 19 in Unarmed Combat
 23334 | Snake:1  | 23334 ||| Stepping ~*~*~tactically~*~*~ (stealth).
 23460 | Snake:1  | 23460 ||| Stepping ~*~*~tactically~*~*~ (hiding).
 23800 | Snake:1  | 23800 ||| DROPPING +2 robe of Okawaru's Envy {rCorr Int+4}.
 23801 | Snake:1  | 23801 ||| UPGRADING to +0 tower shield.
 23811 | Snake:1  | 23811 ||| UPGRADING to ring of Cheibriados's Scorn {Fly
                  | Str+8 Int-4}.
 23813 | Snake:1  | 23813 ||| DROPPING +6 ring of dexterity.
 23866 | Snake:2  | 23866 ||| Stepping ~*~*~tactically~*~*~ (stealth).
 23871 | Snake:2  | 23871 ||| Stepping ~*~*~tactically~*~*~ (hiding).
 23872 | Snake:2  | 23872 ||| Stepping ~*~*~tactically~*~*~ (hiding).
 23873 | Snake:2  | 23873 ||| Stepping ~*~*~tactically~*~*~ (hiding).
 23876 | Snake:2  | 23876 ||| INVOKING Heroism.
 23880 | Snake:2  | 23880 ||| Stepping ~*~*~tactically~*~*~ (outnumbered).
 23901 | Snake:2  | HP: 35/152 [shock serpent/electric aura (10)]
 23902 | Snake:2  | 23902 ||| READING 2 scrolls of teleportation.
 23902 | Snake:2  | HP: 12/152 [shock serpent/bolt of electricity (9)]
 23902 | Snake:2  | HP: 4/152 [shock serpent/bolt of electricity (8)]
 23903 | Snake:2  | 23903 ||| DRINKING 4 potions of heal wounds.
 23904 | Snake:2  | 23904 ||| DRINKING 3 potions of heal wounds.
 23906 | Snake:2  | 23906 ||| DRINKING 2 potions of heal wounds.
 23908 | Snake:2  | You are sucked into a shaft and drop 1 floor!
 23909 | Snake:3  | 23909 ||| Stepping ~*~*~tactically~*~*~ (hiding).
 23913 | Snake:3  | 23913 ||| INVOKING Heroism.
 24009 | Snake:3  | 24009 ||| INVOKING Heroism.
 24061 | Snake:3  | 24061 ||| Stepping ~*~*~tactically~*~*~ (hiding).
 24105 | Snake:3  | 24105 ||| Stepping ~*~*~tactically~*~*~ (hiding).
 24106 | Snake:3  | 24106 ||| Stepping ~*~*~tactically~*~*~ (hiding).
 24107 | Snake:3  | 24107 ||| Stepping ~*~*~tactically~*~*~ (hiding).
 24244 | Snake:3  | 24244 ||| INVOKING Heroism.
 24401 | Snake:3  | 24401 ||| Stepping ~*~*~tactically~*~*~ (hiding).
 24535 | Snake:3  | 24535 ||| Stepping ~*~*~tactically~*~*~ (hiding).
 24538 | Snake:3  | 24538 ||| INVOKING Heroism.
 24607 | Snake:3  | 24607 ||| INVOKING Heroism.
 24680 | Snake:3  | 24680 ||| Stepping ~*~*~tactically~*~*~ (hiding).
 24701 | Snake:3  | 24701 ||| INVOKING Heroism.
 24706 | Snake:3  | 24706 ||| Stepping ~*~*~tactically~*~*~ (outnumbered).
 24744 | Snake:3  | 24744 ||| Stepping ~*~*~tactically~*~*~ (stealth).
 24745 | Snake:3  | 24745 ||| Stepping ~*~*~tactically~*~*~ (stealth).
 24755 | Snake:3  | 24755 ||| Stepping ~*~*~tactically~*~*~ (stealth).
 24776 | Snake:3  | 24776 ||| Stepping ~*~*~tactically~*~*~ (hiding).
 24797 | Snake:3  | 24797 ||| Stepping ~*~*~tactically~*~*~ (hiding).
 24798 | Snake:3  | 24798 ||| Stepping ~*~*~tactically~*~*~ (hiding).
 24852 | Snake:3  | 24852 ||| Stepping ~*~*~tactically~*~*~ (hiding).
 24854 | Snake:3  | 24854 ||| INVOKING Heroism.
 25067 | Snake:2  | 25067 ||| INVOKING Heroism.
 25120 | Snake:2  | 25120 ||| INVOKING Heroism.
 25203 | Snake:2  | 25203 ||| INVOKING Heroism.
 25212 | Snake:2  | 25212 ||| Stepping ~*~*~tactically~*~*~ (hiding).
 25244 | Snake:2  | Found a stormy altar of Qazlal.
 25316 | Snake:2  | 25316 ||| INVOKING Heroism.
 25321 | Snake:2  | Identified the +3 tower shield "Vuigoet" {-Tele rN+ Regen+}
                  | (Okawaru gifted it to you on level 2 of the Snake Pit)
 25321 | Snake:2  | Received a gift from Okawaru
 25324 | Snake:2  | 25324 ||| Stepping ~*~*~tactically~*~*~ (outnumbered).
 25387 | Snake:2  | Identified the ring "Ramehas" {Fly rF+ Str-3 Dex+6}
 25394 | Snake:2  | 25394 ||| Stepping ~*~*~tactically~*~*~ (stealth).
 25395 | Snake:2  | 25395 ||| Stepping ~*~*~tactically~*~*~ (stealth).
 25396 | Snake:2  | 25396 ||| INVOKING Heroism.
 25402 | Snake:2  | 25402 ||| Stepping ~*~*~tactically~*~*~ (hiding).
 25414 | Snake:2  | 25414 ||| Stepping ~*~*~tactically~*~*~ (hiding).
 25484 | Snake:2  | 25484 ||| Stepping ~*~*~tactically~*~*~ (hiding).
 25511 | Snake:2  | 25511 ||| Stepping ~*~*~tactically~*~*~ (hiding).
 25523 | Snake:2  | 25523 ||| Stepping ~*~*~tactically~*~*~ (hiding).
 25535 | Snake:2  | 25535 ||| Stepping ~*~*~tactically~*~*~ (hiding).
 25540 | Snake:2  | 25540 ||| Stepping ~*~*~tactically~*~*~ (hiding).
 25562 | Snake:2  | 25562 ||| Stepping ~*~*~tactically~*~*~ (stealth).
 25579 | Snake:2  | 25579 ||| Stepping ~*~*~tactically~*~*~ (hiding).
 25584 | Snake:2  | 25584 ||| INVOKING Heroism.
 25585 | Snake:2  | 25585 ||| Stepping ~*~*~tactically~*~*~ (outnumbered).
 25587 | Snake:2  | 25587 ||| Stepping ~*~*~tactically~*~*~ (outnumbered).
 25805 | Snake:2  | 25805 ||| DROPPING ring of Bixiet {Fire Stlth+}.
 25806 | Snake:2  | 25806 ||| UPGRADING to ring "Ramehas" {Fly rF+ Str-3
                  | Dex+6}.
 25808 | Snake:2  | 25808 ||| UPGRADING to ring of Voudausm {EV+4 Str+3}.
 25847 | Snake:3  | 25847 ||| STAIRDANCE
 25856 | Snake:3  | 25856 ||| INVOKING Heroism.
 25858 | Snake:3  | 25858 ||| STAIRDANCE
 26063 | Snake:3  | 26063 ||| Stepping ~*~*~tactically~*~*~ (hiding).
 26064 | Snake:3  | 26064 ||| Stepping ~*~*~tactically~*~*~ (hiding).
 26087 | Snake:3  | 26087 ||| INVOKING Heroism.
 26275 | Snake:3  | 26275 ||| PLANNING SWAMP:1-3
 26275 | Snake:3  | 26275 ||| UPGRADING to +0 tower shield of fire resistance.
 26285 | Snake:3  | 26285 ||| DROPPING +0 tower shield.
 26444 | Swamp:1  | Entered Level 1 of the Swamp
 26445 | Swamp:1  | 26445 ||| INVOKING Heroism.
 26483 | Swamp:1  | Reached skill level 15 in Shields
 26484 | Swamp:1  | 26484 ||| Stepping ~*~*~tactically~*~*~ (outnumbered).
 26489 | Swamp:1  | 26489 ||| Stepping ~*~*~tactically~*~*~ (outnumbered).
 26490 | Swamp:1  | 26490 ||| INVOKING Heroism.
 26500 | Swamp:1  | 26500 ||| Stepping ~*~*~tactically~*~*~ (outnumbered).
 26501 | Swamp:1  | 26501 ||| Stepping ~*~*~tactically~*~*~ (outnumbered).
 26504 | Swamp:1  | 26504 ||| Stepping ~*~*~tactically~*~*~ (outnumbered).
 26505 | Swamp:1  | 26505 ||| Stepping ~*~*~tactically~*~*~ (outnumbered).
 26506 | Swamp:1  | 26506 ||| Stepping ~*~*~tactically~*~*~ (outnumbered).
 26521 | Swamp:1  | 26521 ||| Stepping ~*~*~tactically~*~*~ (stealth).
 26526 | Swamp:1  | 26526 ||| Stepping ~*~*~tactically~*~*~ (stealth).
 26527 | Swamp:1  | 26527 ||| Stepping ~*~*~tactically~*~*~ (stealth).
 26528 | Swamp:1  | 26528 ||| Stepping ~*~*~tactically~*~*~ (stealth).
 26529 | Swamp:1  | 26529 ||| Stepping ~*~*~tactically~*~*~ (stealth).
 26543 | Swamp:1  | 26543 ||| INVOKING Heroism.
 26544 | Swamp:1  | 26544 ||| Stepping ~*~*~tactically~*~*~ (outnumbered).
 26545 | Swamp:1  | 26545 ||| Stepping ~*~*~tactically~*~*~ (outnumbered).
 26547 | Swamp:1  | 26547 ||| Stepping ~*~*~tactically~*~*~ (outnumbered).
 26548 | Swamp:1  | 26548 ||| Stepping ~*~*~tactically~*~*~ (outnumbered).
 26549 | Swamp:1  | HP: 38/152 [spriggan druid/angry trees (14)]
 26550 | Swamp:1  | 26550 ||| READING 3 scrolls of teleportation.
 26550 | Swamp:1  | HP: 8/152 [goliath frog[a spriggan druid] (21)]
 26550 | Swamp:1  | Splashed by a goliath frog's acid

Levels and vault maps discovered:
D:1:      kilobyte_arrival_exit_the_forest, layout_loops_ring,
          hellmonk_ecumenical_altar_prayer_group, minivault_26
D:2:      layout_basic, basic_altar, minmay_hedge_maze
D:3:      layout_basic, hangedman_abyss_or_decor_lesser_grid
D:4:      layout_gridville, temple_hall, cheibrodos_sewer_entry_bend
D:5:      layout_basic, mainiacjoe_overflow_large_starburst,
          dreamdust_gnoll_farm, uniq_grinder
D:6:      wander_river, layout_layer_cave, mainiacjoe_overflow_catwalk
D:7:      layout_basic, serial_shops, shop, nicolae_shop_bloodbath_and_beyond,
          shop, dk_noncrumbling_2
D:8:      layout_rooms, gammafunk_ghost_gnarly_gnolls, serial_shops,
          nicolae_lakefront_shop, kennysheep_small_square
D:9:      layout_irregular_city, grunt_lair_entry_orc_guard_hut,
          kennysheep_crisscross
D:10:     layout_stronghold, kennysheep_pointless_box
D:11:     layout_stronghold, david_orc_5, uniq_maurice
D:12:     layout_rooms, gammafunk_ghost_nasty_kobolds, uniq_frances,
          uniq_erolcha, uniq_nergalle
D:13:     layout_roguey, minivault_12
D:14:     layout_roguey, grunt_vaults_entry_tiered, serial_shops,
          nicolae_shop_statue_plus, serial_co_window_serial, co_window_paths_a,
          co_window_paths_a, co_window_corner_a, co_window_of_opportunity_a,
          co_window_paths_b, co_window_corner_b, co_window_broadway_b,
          co_window_broadway_c, co_window_2corner, co_window_paths_e,
          co_window_paths_d, glass_columns_a, minmay_misc_feat_doors
D:15:     grunt_enter_depths_hoard, layout_loops_ring,
          nicolae_gozag_seed_capital
Temple:   hellmonk_temple_of_storms
Lair:1:   layout_roguey [special_room_bee], lemuel_fruit_tree,
          grunt_megastairs_2
Lair:2:   layout_big_grid, palyth_hydra_swamp_entry,
          minmay_snake_entry_guardpost_small, minmay_lindwurm_lava
Lair:3:   beast_lair_carwin_large_2, layout_layer_cave,
          portal_ice_cave_demonic_guard, chequers_serial_rivers_small_b,
          infiniplex_staircase_pool_2
Lair:4:   layout_hall_layers, slime_entry_1, hibernation_bobbens,
          serial_bayou_shore_b
Lair:5:   evil_forest, layout_layer_cave, grunt_megastairs_5,
          lemuel_fruit_fields
Swamp:1:  layout_falls_marsh, nicolae_swamp_rocky_clearing
Snake:1:  layout_basic, serial_bayou_shore_b
Snake:2:  cheibrodos_snake_lava_hold, layout_onion_interference, basic_altar
Snake:3:  layout_misc_corridors, special_room, nicolae_snake_biting_tails,
          guppyfry_library_mini
Orc:1:    layout_diamond_mine, uniq_sonja
Orc:2:    pf_orc_diabolical, layout_caves, basic_altar,
          gammafunk_ghost_cemetery, lemuel_statue_altar, uniq_snorg

Skill      XL: |  1  2  3  4  5  6  7  8  9 10 11 12 13 14 15 16 |
---------------+-------------------------------------------------+-----
Unarmed Combat | 4 6 7 8 9 10 13 14 16 17 18 19 | 19.0
Dodging        | 1 2 |  2.0
Fighting       | 3 4 5 6 7 8 |  8.0
Throwing       | 1 2 6 8 |  8.0
Armour         | 1 2 3 5 7 |  7.3
Shields        | 4 9 11 12 15 | 15.2
Invocations    | 6 9 10 | 10.0
Spellcasting   | |  1.0
Fire Magic     | |  2.1

Action                   |  1- 3 |  4- 6 |  7- 9 | 10-12 | 13-15 | 16-18 || total
-------------------------+-------+-------+-------+-------+-------+-------++-------
Melee: Unarmed           |   116 |   128 |   247 |   391 |  1082 |   372 ||  2336
       Punch             |     2 |     4 |     6 |    11 |       |       ||    23
Throw: Boomerang         |       |       |    78 |       |       |       ||    78
       Large rock        |       |       |       |     8 |    96 |     8 ||   112
Invok: Fiery Armour      |       |       |     1 |    10 |     3 |       ||    14
       Heroism           |       |       |       |       |    44 |    19 ||    63
       Finesse           |       |       |       |       |     2 |       ||     2
  Use: Scroll            |     7 |     4 |     4 |     9 |    10 |     2 ||    36
       Potion            |     5 |       |     2 |     6 |     5 |     3 ||    21
Armor: Robe              |    41 |    41 |    38 |    23 |       |       ||   143
       Acid dragon scale |       |       |       |    46 |       |       ||    46
       Gold dragon scale |       |       |       |    60 |   301 |    73 ||   434
Dodge: Dodged            |    33 |    23 |    95 |    93 |   255 |    80 ||   579
       Repelled          |       |       |       |       |     5 |    16 ||    21
Block: Other             |       |     8 |    40 |    34 |       |       ||    82
       Kite shield       |       |       |       |   113 |   829 |    29 ||   971
       Tower shield      |       |       |       |       |       |   340 ||   340

Table legend:
 A = Non-vault XP
 B = Vault XP
 C = Vault XP percentage of total XP
 D = Non-vault monster count
 E = Vault monster count
 F = Vault count percentage of total count
                 A         B        C        D         E       F
            +---------+---------+-------+---------+---------+-------
      Total |  143768 |   64349 |  30.9 |     587 |     263 |  30.9
            +---------+---------+-------+---------+---------+-------
        D:1 |      48 |       1 |   2.0 |      28 |       1 |   3.4
        D:2 |      39 |       0 |   0.0 |      17 |       0 |   0.0
        D:3 |      10 |       0 |   0.0 |       6 |       0 |   0.0
        D:4 |     151 |       5 |   3.2 |       6 |       1 |  14.3
        D:5 |     773 |     341 |  30.6 |      25 |       5 |  16.7
        D:6 |    1200 |       0 |   0.0 |      27 |       0 |   0.0
        D:7 |    1280 |       0 |   0.0 |      28 |       0 |   0.0
        D:8 |    1202 |     223 |  15.6 |      22 |       2 |   8.3
        D:9 |    4508 |     802 |  15.1 |      25 |       5 |  16.7
       D:10 |    3682 |       0 |   0.0 |      25 |       0 |   0.0
       D:11 |    5891 |     931 |  13.6 |      15 |      22 |  59.5
       D:12 |    5048 |    3148 |  38.4 |      19 |       3 |  13.6
       D:13 |    5922 |       0 |   0.0 |      12 |       0 |   0.0
       D:14 |    7723 |    6739 |  46.6 |      25 |      25 |  50.0
       D:15 |   11232 |    1788 |  13.7 |      24 |       2 |   7.7
     Lair:1 |    3743 |    3605 |  49.1 |      16 |      29 |  64.4
     Lair:2 |    3712 |    6097 |  62.2 |      16 |      14 |  46.7
     Lair:3 |    7138 |    1395 |  16.3 |      25 |       9 |  26.5
     Lair:4 |    2159 |       0 |   0.0 |       6 |       0 |   0.0
     Lair:5 |   11875 |   10062 |  45.9 |      39 |      31 |  44.3
    Swamp:1 |    7148 |       0 |   0.0 |      14 |       0 |   0.0
    Snake:1 |   11127 |       0 |   0.0 |      22 |       0 |   0.0
    Snake:2 |   16786 |    8585 |  33.8 |      36 |      13 |  26.5
    Snake:3 |   12239 |    3980 |  24.5 |      30 |      10 |  25.0
      Orc:1 |    2653 |     762 |  22.3 |      31 |       1 |   3.1
      Orc:2 |    1291 |   15646 |  92.4 |      23 |      60 |  72.3
    Abyss:2 |   15188 |       0 |   0.0 |      25 |       0 |   0.0
      Sewer |       0 |     239 | 100.0 |       0 |      30 | 100.0
            +---------+---------+-------+---------+---------+-------
